 Dungeon Crawl Stone Soup version 0.30.0-20-g3615ddf2f0 (webtiles) character file.

Game seed: 7446375220293803214

153 qw the Chopper (level 5, 0/2 HPs)
             Began as a Gargoyle Fighter on May 31, 2023.
             Slain by a kobold (1 damage)
             ... on level 3 of the Dungeon.
             The game lasted 00:52:49 (24551 turns).

qw the Chopper (Gargoyle Fighter)                  Turns: 24551, Time: 00:52:49

Health: 0/2        AC: 17    Str: 21    XL:     5   Next: 35%
Magic:  5/5        EV:  5    Int:  9    God:
Gold:   144        SH:  0    Dex:  9    Spells: 4/4 levels left

rFire   . . .        Y - +0 war axe
rCold   . . .        c - +0 buckler
rNeg    + . .        b - +0 scale mail
rPois   inf          g - +0 helmet
rElec   +            (no cloak)
rCorr   .            a - +3 Mad Mage's Maulers {Infuse+∞ VampMP -Cast}
SInv    .            h - +0 pair of boots
Will    .....        k - amulet of regeneration Stlth
                     (no ring)
HPRegen 1.00/turn    (no ring)
MPRegen 0.09/turn

%: no spellcasting, infuse magic (5 MP)
@: held, bezotted
A: sickness immunity, AC +4, negative energy resistance 1, electricity
resistance, torment resistance 1, petrification resistance
a: no special abilities


You were on level 3 of the Dungeon.
You visited 1 branch of the dungeon, and saw 3 of its levels.

You collected 144 gold pieces.


Innate Abilities, Weirdness & Mutations

You are immune to sickness and miasma.
Your stone body is resilient. (AC +4)
You are immune to poison.
You resist negative energy. (rN+)
You are resistant to electric shocks. (rElec)
You are resistant to unholy torment.
You are immune to petrification.


   Skills:
 - Level 3.2 Fighting
 + Level 4.9 Axes
 - Level 3.2 Armour
 - Level 3.2 Shields


You had 4 spell levels left.
You didn't know any spells.
Your spell library was empty.

Inventory:

Hand Weapons
 l - a +0 flail
 Y - a +0 war axe (weapon)
Missiles
 i - 2 boomerangs (quivered)
Armour
 a - the +3 Mad Mage's Maulers (worn) {Infuse+∞ VampMP -Cast}
   (You acquired it on level 1 of the Dungeon)

   Infuse+∞: It empowers its wearer's blows with all of their magic.
   VampMP:    Blows struck in melee replenish the wearer's magic.
   -Cast:     It prevents spellcasting.
 b - a +0 scale mail (worn)
 c - a +0 buckler (worn)
 g - a +0 helmet (worn)
 h - a +0 pair of boots (worn)
 j - a +0 plate armour
Jewellery
 k - an amulet of regeneration (around neck)
Scrolls
 f - 2 scrolls of identify
Potions
 d - 2 potions of might
 e - a potion of flight {unknown}
 m - a potion of invisibility {unknown}

Dungeon Overview and Level Annotations

Branches:
Dungeon (3/15) Zot: 376

Altars:
Trog


Message History

The kobold hits you but does no damage. x2
The kobold barely misses you. The kobold hits you.
Ouch! That really hurt!
The kobold barely misses you. The kobold hits you but does no damage.
24526 ||| UPGRADING to +0 plate armour.
The kobold hits you but does no damage.
You stop removing your armour.
The kobold hits you but does no damage.
The kobold hits you but does no damage. x2
The kobold hits you but does no damage. x2
The kobold hits you but does no damage. x2
The kobold closely misses you. The kobold hits you but does no damage.
The kobold hits you but does no damage. The kobold barely misses you.
The kobold barely misses you. The kobold hits you but does no damage.
The kobold hits you but does no damage. x2
The kobold hits you but does no damage. The kobold closely misses you.
The kobold hits you but does no damage. The kobold barely misses you.
The kobold hits you but does no damage. x2
24537 ||| UPGRADING to +0 plate armour.
The kobold hits you but does no damage.
You stop removing your armour.
The kobold barely misses you.
The kobold hits you but does no damage. x2
The kobold hits you but does no damage. The kobold barely misses you.
The kobold hits you but does no damage. x2
The kobold hits you but does no damage. x2
The kobold hits you but does no damage. The kobold barely misses you.
The kobold barely misses you. The kobold hits you but does no damage.
The kobold hits you but does no damage. x2
The kobold hits you but does no damage. The kobold barely misses you.
The kobold barely misses you. x2
The kobold hits you but does no damage. The kobold closely misses you.
24548 ||| UPGRADING to +0 plate armour.
The kobold hits you but does no damage.
You stop removing your armour.
The kobold barely misses you.
The kobold hits you but does no damage. x2
The kobold hits you but does no damage. x2
The kobold hits you.
Ouch! That really hurt!
The kobold hits you.
Ouch! That really hurt!
You die...

## #. #. ## #. #.. #####
#. .~~( #...# #######.
(.~~~##...# #.....##
_(.(..K@..# #.#....#
..~~~##K..# #.#....# .~~
##...# #.#....# # #....#
#.###... ###...##
###.###### #.#...#
#......... #.#...#
#.#....... ######.#...#
#.########
...........######.########


You could see 2 kobolds.

Vanquished Creatures
  An orc priest (D:3)
  An orc wizard (D:3)
  4 adders
  4 orcs (D:3)
  5 ball pythons
  4 endoplasms
  5 goblins
  7 hobgoblins
  6 jackals (D:2)
  3 quokkas
  8 bats
  3 frilled lizards
  5 kobolds
56 creatures vanquished.

Notes
Turn   | Place    | Note
-------+----------+-------------------------------------------
     0 | D:1      | qw the Gargoyle Fighter began the quest for the Orb.
     0 | D:1      | Reached XP level 1. HP: 14/14 MP: 1/1
     0 | D:1      | 0 ||| qw: Version: 0.2-a-102-gfc559e5
     0 | D:1      | 0 ||| qw: Game counter: 538
     0 | D:1      | 0 ||| qw: Always use a shield: true
     0 | D:1      | 0 ||| qw: God list: Okawaru
     0 | D:1      | 0 ||| qw: Allow faded altars: false
     0 | D:1      | 0 ||| qw: Do Orc after D:15 true
     0 | D:1      | 0 ||| qw: Do second Lair branch before Depths: true
     0 | D:1      | 0 ||| qw: Lair rune preference: random
     0 | D:1      | 0 ||| qw: Plans: Normal, Zot:1-4, Slime:5, God:TSO, Crypt,
                  | Tomb, Pan, Hells, Abyss, Win
     0 | D:1      | 0 ||| PLANNING D:1-11
    37 | D:1      | Reached skill level 2 in Axes
    84 | D:1      | Found a faded altar of an unknown god.
   374 | D:1      | Reached XP level 2. HP: 19/19 MP: 2/2
   545 | D:1      | 545 ||| DROPPING +0 club.
   993 | D:1      | 993 ||| UPGRADING to amulet of regeneration.
   998 | D:1      | 998 ||| READING scroll labelled YXIGYSTR VOGAWU.
   999 | D:1      | 999 ||| READING scroll labelled JOXAUFE KASYOX.
   999 | D:1      | Identified a scroll of acquirement
   999 | D:1      | 999 ||| ACQUIRING +3 Mad Mage's Maulers {Infuse+∞ VampMP
                  | -Cast}
   999 | D:1      | Acquired the +3 Mad Mage's Maulers {Infuse+∞ VampMP -Cast}
   999 | D:1      | Found the +3 Mad Mage's Maulers {Infuse+∞ VampMP -Cast}
  1001 | D:1      | 1001 ||| UPGRADING to +3 Mad Mage's Maulers {Infuse+∞
                  | VampMP -Cast}.
  1006 | D:1      | 1006 ||| READING scroll labelled MEOGIW WEGEACO.
  1007 | D:1      | 1007 ||| READING scroll labelled QUTZIH YTIFFI.
  1271 | D:2      | Reached skill level 3 in Axes
  1271 | D:2      | Reached XP level 3. HP: 23/23 MP: 1/3
  2364 | D:2      | 2364 ||| UPGRADING to +0 helmet.
  2369 | D:2      | 2369 ||| UPGRADING to +0 pair of boots.
  2374 | D:2      | 2374 ||| READING 2 scrolls labelled GEPOUNKESE.
  2434 | D:3      | Reached XP level 4. HP: 28/28 MP: 1/4
  2445 | D:3      | 2445 ||| Stepping ~*~*~tactically~*~*~ (stealth).
  2450 | D:3      | 2450 ||| Stepping ~*~*~tactically~*~*~ (stealth).
  2517 | D:3      | 2517 ||| DROPPING +0 mace.
  2537 | D:3      | Reached skill level 4 in Axes
  2638 | D:3      | 2638 ||| Stepping ~*~*~tactically~*~*~ (stealth).
  2645 | D:3      | 2645 ||| Stepping ~*~*~tactically~*~*~ (hiding).
  2648 | D:3      | 2648 ||| Stepping ~*~*~tactically~*~*~ (hiding).
  2650 | D:3      | 2650 ||| Stepping ~*~*~tactically~*~*~ (hiding).
  2659 | D:3      | Reached XP level 5. HP: 26/32 MP: 2/5
  3041 | D:3      | 3041 ||| Stepping ~*~*~tactically~*~*~ (stealth).
  3042 | D:3      | 3042 ||| Stepping ~*~*~tactically~*~*~ (stealth).
  3209 | D:3      | Found a bloodstained altar of Trog.
  3229 | D:3      | 3229 ||| UPGRADING to +0 plate armour.
  3240 | D:3      | 3240 ||| UPGRADING to +0 plate armour.
  3251 | D:3      | 3251 ||| UPGRADING to +0 plate armour.
  3262 | D:3      | 3262 ||| UPGRADING to +0 plate armour.
  3273 | D:3      | 3273 ||| UPGRADING to +0 plate armour.
  3284 | D:3      | 3284 ||| UPGRADING to +0 plate armour.
  3295 | D:3      | 3295 ||| UPGRADING to +0 plate armour.
  3306 | D:3      | 3306 ||| UPGRADING to +0 plate armour.
  3317 | D:3      | 3317 ||| UPGRADING to +0 plate armour.
  3328 | D:3      | 3328 ||| UPGRADING to +0 plate armour.
  3339 | D:3      | 3339 ||| UPGRADING to +0 plate armour.
  3350 | D:3      | 3350 ||| UPGRADING to +0 plate armour.
  3361 | D:3      | 3361 ||| UPGRADING to +0 plate armour.
  3372 | D:3      | 3372 ||| UPGRADING to +0 plate armour.
  3383 | D:3      | 3383 ||| UPGRADING to +0 plate armour.
  3394 | D:3      | 3394 ||| UPGRADING to +0 plate armour.
  3405 | D:3      | 3405 ||| UPGRADING to +0 plate armour.
  3416 | D:3      | 3416 ||| UPGRADING to +0 plate armour.
  3427 | D:3      | 3427 ||| UPGRADING to +0 plate armour.
  3438 | D:3      | 3438 ||| UPGRADING to +0 plate armour.
  3449 | D:3      | 3449 ||| UPGRADING to +0 plate armour.
  3460 | D:3      | 3460 ||| UPGRADING to +0 plate armour.
  3471 | D:3      | 3471 ||| UPGRADING to +0 plate armour.
  3482 | D:3      | 3482 ||| UPGRADING to +0 plate armour.
  3493 | D:3      | 3493 ||| UPGRADING to +0 plate armour.
  3504 | D:3      | 3504 ||| UPGRADING to +0 plate armour.
  3515 | D:3      | 3515 ||| UPGRADING to +0 plate armour.
  3526 | D:3      | 3526 ||| UPGRADING to +0 plate armour.
  3537 | D:3      | 3537 ||| UPGRADING to +0 plate armour.
  3548 | D:3      | 3548 ||| UPGRADING to +0 plate armour.
  3559 | D:3      | 3559 ||| UPGRADING to +0 plate armour.
  3570 | D:3      | 3570 ||| UPGRADING to +0 plate armour.
  3581 | D:3      | 3581 ||| UPGRADING to +0 plate armour.
  3592 | D:3      | 3592 ||| UPGRADING to +0 plate armour.
  3603 | D:3      | 3603 ||| UPGRADING to +0 plate armour.
  3614 | D:3      | 3614 ||| UPGRADING to +0 plate armour.
  3625 | D:3      | 3625 ||| UPGRADING to +0 plate armour.
  3637 | D:3      | 3637 ||| UPGRADING to +0 plate armour.
  3648 | D:3      | 3648 ||| UPGRADING to +0 plate armour.
  3659 | D:3      | 3659 ||| UPGRADING to +0 plate armour.
  3670 | D:3      | 3670 ||| UPGRADING to +0 plate armour.
  3681 | D:3      | 3681 ||| UPGRADING to +0 plate armour.
  3692 | D:3      | 3692 ||| UPGRADING to +0 plate armour.
  3703 | D:3      | 3703 ||| UPGRADING to +0 plate armour.
  3714 | D:3      | 3714 ||| UPGRADING to +0 plate armour.
  3725 | D:3      | 3725 ||| UPGRADING to +0 plate armour.
  3736 | D:3      | 3736 ||| UPGRADING to +0 plate armour.
  3747 | D:3      | 3747 ||| UPGRADING to +0 plate armour.
  3759 | D:3      | 3759 ||| UPGRADING to +0 plate armour.
  3770 | D:3      | 3770 ||| UPGRADING to +0 plate armour.
  3781 | D:3      | 3781 ||| UPGRADING to +0 plate armour.
  3792 | D:3      | 3792 ||| UPGRADING to +0 plate armour.
  3803 | D:3      | 3803 ||| UPGRADING to +0 plate armour.
  3814 | D:3      | 3814 ||| UPGRADING to +0 plate armour.
  3825 | D:3      | 3825 ||| UPGRADING to +0 plate armour.
  3836 | D:3      | 3836 ||| UPGRADING to +0 plate armour.
  3847 | D:3      | 3847 ||| UPGRADING to +0 plate armour.
  3858 | D:3      | 3858 ||| UPGRADING to +0 plate armour.
  3869 | D:3      | 3869 ||| UPGRADING to +0 plate armour.
  3880 | D:3      | 3880 ||| UPGRADING to +0 plate armour.
  3891 | D:3      | 3891 ||| UPGRADING to +0 plate armour.
  3902 | D:3      | 3902 ||| UPGRADING to +0 plate armour.
  3913 | D:3      | 3913 ||| UPGRADING to +0 plate armour.
  3924 | D:3      | 3924 ||| UPGRADING to +0 plate armour.
  3935 | D:3      | 3935 ||| UPGRADING to +0 plate armour.
  3946 | D:3      | 3946 ||| UPGRADING to +0 plate armour.
  3957 | D:3      | 3957 ||| UPGRADING to +0 plate armour.
  3968 | D:3      | 3968 ||| UPGRADING to +0 plate armour.
  3979 | D:3      | 3979 ||| UPGRADING to +0 plate armour.
  3990 | D:3      | 3990 ||| UPGRADING to +0 plate armour.
  4001 | D:3      | 4001 ||| UPGRADING to +0 plate armour.
  4012 | D:3      | 4012 ||| UPGRADING to +0 plate armour.
  4023 | D:3      | 4023 ||| UPGRADING to +0 plate armour.
  4034 | D:3      | 4034 ||| UPGRADING to +0 plate armour.
  4045 | D:3      | 4045 ||| UPGRADING to +0 plate armour.
  4056 | D:3      | 4056 ||| UPGRADING to +0 plate armour.
  4067 | D:3      | 4067 ||| UPGRADING to +0 plate armour.
  4078 | D:3      | 4078 ||| UPGRADING to +0 plate armour.
  4089 | D:3      | 4089 ||| UPGRADING to +0 plate armour.
  4100 | D:3      | 4100 ||| UPGRADING to +0 plate armour.
  4111 | D:3      | 4111 ||| UPGRADING to +0 plate armour.
  4122 | D:3      | 4122 ||| UPGRADING to +0 plate armour.
  4133 | D:3      | 4133 ||| UPGRADING to +0 plate armour.
  4144 | D:3      | 4144 ||| UPGRADING to +0 plate armour.
  4155 | D:3      | 4155 ||| UPGRADING to +0 plate armour.
  4166 | D:3      | 4166 ||| UPGRADING to +0 plate armour.
  4177 | D:3      | 4177 ||| UPGRADING to +0 plate armour.
  4188 | D:3      | 4188 ||| UPGRADING to +0 plate armour.
  4199 | D:3      | 4199 ||| UPGRADING to +0 plate armour.
  4210 | D:3      | 4210 ||| UPGRADING to +0 plate armour.
  4221 | D:3      | 4221 ||| UPGRADING to +0 plate armour.
  4232 | D:3      | 4232 ||| UPGRADING to +0 plate armour.
  4243 | D:3      | 4243 ||| UPGRADING to +0 plate armour.
  4254 | D:3      | 4254 ||| UPGRADING to +0 plate armour.
  4265 | D:3      | 4265 ||| UPGRADING to +0 plate armour.
  4276 | D:3      | 4276 ||| UPGRADING to +0 plate armour.
  4287 | D:3      | 4287 ||| UPGRADING to +0 plate armour.
  4298 | D:3      | 4298 ||| UPGRADING to +0 plate armour.
  4309 | D:3      | 4309 ||| UPGRADING to +0 plate armour.
  4320 | D:3      | 4320 ||| UPGRADING to +0 plate armour.
  4331 | D:3      | 4331 ||| UPGRADING to +0 plate armour.
  4342 | D:3      | 4342 ||| UPGRADING to +0 plate armour.
  4353 | D:3      | 4353 ||| UPGRADING to +0 plate armour.
  4364 | D:3      | 4364 ||| UPGRADING to +0 plate armour.
  4375 | D:3      | 4375 ||| UPGRADING to +0 plate armour.
  4386 | D:3      | 4386 ||| UPGRADING to +0 plate armour.
  4397 | D:3      | 4397 ||| UPGRADING to +0 plate armour.
  4408 | D:3      | 4408 ||| UPGRADING to +0 plate armour.
  4420 | D:3      | 4420 ||| UPGRADING to +0 plate armour.
  4431 | D:3      | 4431 ||| UPGRADING to +0 plate armour.
  4442 | D:3      | 4442 ||| UPGRADING to +0 plate armour.
  4453 | D:3      | 4453 ||| UPGRADING to +0 plate armour.
  4464 | D:3      | 4464 ||| UPGRADING to +0 plate armour.
  4475 | D:3      | 4475 ||| UPGRADING to +0 plate armour.
  4486 | D:3      | 4486 ||| UPGRADING to +0 plate armour.
  4497 | D:3      | 4497 ||| UPGRADING to +0 plate armour.
  4508 | D:3      | 4508 ||| UPGRADING to +0 plate armour.
  4519 | D:3      | 4519 ||| UPGRADING to +0 plate armour.
  4530 | D:3      | 4530 ||| UPGRADING to +0 plate armour.
  4541 | D:3      | 4541 ||| UPGRADING to +0 plate armour.
  4552 | D:3      | 4552 ||| UPGRADING to +0 plate armour.
  4563 | D:3      | 4563 ||| UPGRADING to +0 plate armour.
  4574 | D:3      | 4574 ||| UPGRADING to +0 plate armour.
  4585 | D:3      | 4585 ||| UPGRADING to +0 plate armour.
  4596 | D:3      | 4596 ||| UPGRADING to +0 plate armour.
  4607 | D:3      | 4607 ||| UPGRADING to +0 plate armour.
  4618 | D:3      | 4618 ||| UPGRADING to +0 plate armour.
  4629 | D:3      | 4629 ||| UPGRADING to +0 plate armour.
  4640 | D:3      | 4640 ||| UPGRADING to +0 plate armour.
  4651 | D:3      | 4651 ||| UPGRADING to +0 plate armour.
  4662 | D:3      | 4662 ||| UPGRADING to +0 plate armour.
  4673 | D:3      | 4673 ||| UPGRADING to +0 plate armour.
  4684 | D:3      | 4684 ||| UPGRADING to +0 plate armour.
  4695 | D:3      | 4695 ||| UPGRADING to +0 plate armour.
  4706 | D:3      | 4706 ||| UPGRADING to +0 plate armour.
  4717 | D:3      | 4717 ||| UPGRADING to +0 plate armour.
  4728 | D:3      | 4728 ||| UPGRADING to +0 plate armour.
  4739 | D:3      | 4739 ||| UPGRADING to +0 plate armour.
  4750 | D:3      | 4750 ||| UPGRADING to +0 plate armour.
  4761 | D:3      | 4761 ||| UPGRADING to +0 plate armour.
  4772 | D:3      | 4772 ||| UPGRADING to +0 plate armour.
  4783 | D:3      | 4783 ||| UPGRADING to +0 plate armour.
  4794 | D:3      | 4794 ||| UPGRADING to +0 plate armour.
  4805 | D:3      | 4805 ||| UPGRADING to +0 plate armour.
  4816 | D:3      | 4816 ||| UPGRADING to +0 plate armour.
  4827 | D:3      | 4827 ||| UPGRADING to +0 plate armour.
  4838 | D:3      | 4838 ||| UPGRADING to +0 plate armour.
  4849 | D:3      | 4849 ||| UPGRADING to +0 plate armour.
  4860 | D:3      | 4860 ||| UPGRADING to +0 plate armour.
  4872 | D:3      | 4872 ||| UPGRADING to +0 plate armour.
  4883 | D:3      | 4883 ||| UPGRADING to +0 plate armour.
  4894 | D:3      | 4894 ||| UPGRADING to +0 plate armour.
  4905 | D:3      | 4905 ||| UPGRADING to +0 plate armour.
  4916 | D:3      | 4916 ||| UPGRADING to +0 plate armour.
  4927 | D:3      | 4927 ||| UPGRADING to +0 plate armour.
  4938 | D:3      | 4938 ||| UPGRADING to +0 plate armour.
  4949 | D:3      | 4949 ||| UPGRADING to +0 plate armour.
  4960 | D:3      | 4960 ||| UPGRADING to +0 plate armour.
  4971 | D:3      | 4971 ||| UPGRADING to +0 plate armour.
  4982 | D:3      | 4982 ||| UPGRADING to +0 plate armour.
  4993 | D:3      | 4993 ||| UPGRADING to +0 plate armour.
  5004 | D:3      | 5004 ||| UPGRADING to +0 plate armour.
  5015 | D:3      | 5015 ||| UPGRADING to +0 plate armour.
  5026 | D:3      | 5026 ||| UPGRADING to +0 plate armour.
  5037 | D:3      | 5037 ||| UPGRADING to +0 plate armour.
  5048 | D:3      | 5048 ||| UPGRADING to +0 plate armour.
  5059 | D:3      | 5059 ||| UPGRADING to +0 plate armour.
  5070 | D:3      | 5070 ||| UPGRADING to +0 plate armour.
  5081 | D:3      | 5081 ||| UPGRADING to +0 plate armour.
  5092 | D:3      | 5092 ||| UPGRADING to +0 plate armour.
  5103 | D:3      | 5103 ||| UPGRADING to +0 plate armour.
  5114 | D:3      | 5114 ||| UPGRADING to +0 plate armour.
  5125 | D:3      | 5125 ||| UPGRADING to +0 plate armour.
  5136 | D:3      | 5136 ||| UPGRADING to +0 plate armour.
  5147 | D:3      | 5147 ||| UPGRADING to +0 plate armour.
  5158 | D:3      | 5158 ||| UPGRADING to +0 plate armour.
  5169 | D:3      | 5169 ||| UPGRADING to +0 plate armour.
  5180 | D:3      | 5180 ||| UPGRADING to +0 plate armour.
  5191 | D:3      | 5191 ||| UPGRADING to +0 plate armour.
  5202 | D:3      | 5202 ||| UPGRADING to +0 plate armour.
  5213 | D:3      | 5213 ||| UPGRADING to +0 plate armour.
  5224 | D:3      | 5224 ||| UPGRADING to +0 plate armour.
  5235 | D:3      | 5235 ||| UPGRADING to +0 plate armour.
  5246 | D:3      | 5246 ||| UPGRADING to +0 plate armour.
  5258 | D:3      | 5258 ||| UPGRADING to +0 plate armour.
  5269 | D:3      | 5269 ||| UPGRADING to +0 plate armour.
  5280 | D:3      | 5280 ||| UPGRADING to +0 plate armour.
  5291 | D:3      | 5291 ||| UPGRADING to +0 plate armour.
  5302 | D:3      | 5302 ||| UPGRADING to +0 plate armour.
  5313 | D:3      | 5313 ||| UPGRADING to +0 plate armour.
  5324 | D:3      | 5324 ||| UPGRADING to +0 plate armour.
  5336 | D:3      | 5336 ||| UPGRADING to +0 plate armour.
  5347 | D:3      | 5347 ||| UPGRADING to +0 plate armour.
  5358 | D:3      | 5358 ||| UPGRADING to +0 plate armour.
  5369 | D:3      | 5369 ||| UPGRADING to +0 plate armour.
  5380 | D:3      | 5380 ||| UPGRADING to +0 plate armour.
  5392 | D:3      | 5392 ||| UPGRADING to +0 plate armour.
  5404 | D:3      | 5404 ||| UPGRADING to +0 plate armour.
  5415 | D:3      | 5415 ||| UPGRADING to +0 plate armour.
  5426 | D:3      | 5426 ||| UPGRADING to +0 plate armour.
  5437 | D:3      | 5437 ||| UPGRADING to +0 plate armour.
  5448 | D:3      | 5448 ||| UPGRADING to +0 plate armour.
  5459 | D:3      | 5459 ||| UPGRADING to +0 plate armour.
  5470 | D:3      | 5470 ||| UPGRADING to +0 plate armour.
  5481 | D:3      | 5481 ||| UPGRADING to +0 plate armour.
  5492 | D:3      | 5492 ||| UPGRADING to +0 plate armour.
  5504 | D:3      | 5504 ||| UPGRADING to +0 plate armour.
  5515 | D:3      | 5515 ||| UPGRADING to +0 plate armour.
  5526 | D:3      | 5526 ||| UPGRADING to +0 plate armour.
  5537 | D:3      | 5537 ||| UPGRADING to +0 plate armour.
  5548 | D:3      | 5548 ||| UPGRADING to +0 plate armour.
  5559 | D:3      | 5559 ||| UPGRADING to +0 plate armour.
  5570 | D:3      | 5570 ||| UPGRADING to +0 plate armour.
  5581 | D:3      | 5581 ||| UPGRADING to +0 plate armour.
  5593 | D:3      | 5593 ||| UPGRADING to +0 plate armour.
  5604 | D:3      | 5604 ||| UPGRADING to +0 plate armour.
  5615 | D:3      | 5615 ||| UPGRADING to +0 plate armour.
  5626 | D:3      | 5626 ||| UPGRADING to +0 plate armour.
  5637 | D:3      | 5637 ||| UPGRADING to +0 plate armour.
  5648 | D:3      | 5648 ||| UPGRADING to +0 plate armour.
  5660 | D:3      | 5660 ||| UPGRADING to +0 plate armour.
  5671 | D:3      | 5671 ||| UPGRADING to +0 plate armour.
  5682 | D:3      | 5682 ||| UPGRADING to +0 plate armour.
  5693 | D:3      | 5693 ||| UPGRADING to +0 plate armour.
  5704 | D:3      | 5704 ||| UPGRADING to +0 plate armour.
  5715 | D:3      | 5715 ||| UPGRADING to +0 plate armour.
  5726 | D:3      | 5726 ||| UPGRADING to +0 plate armour.
  5737 | D:3      | 5737 ||| UPGRADING to +0 plate armour.
  5748 | D:3      | 5748 ||| UPGRADING to +0 plate armour.
  5760 | D:3      | 5760 ||| UPGRADING to +0 plate armour.
  5771 | D:3      | 5771 ||| UPGRADING to +0 plate armour.
  5782 | D:3      | 5782 ||| UPGRADING to +0 plate armour.
  5793 | D:3      | 5793 ||| UPGRADING to +0 plate armour.
  5804 | D:3      | 5804 ||| UPGRADING to +0 plate armour.
  5815 | D:3      | 5815 ||| UPGRADING to +0 plate armour.
  5826 | D:3      | 5826 ||| UPGRADING to +0 plate armour.
  5837 | D:3      | 5837 ||| UPGRADING to +0 plate armour.
  5848 | D:3      | 5848 ||| UPGRADING to +0 plate armour.
  5859 | D:3      | 5859 ||| UPGRADING to +0 plate armour.
  5870 | D:3      | 5870 ||| UPGRADING to +0 plate armour.
  5881 | D:3      | 5881 ||| UPGRADING to +0 plate armour.
  5892 | D:3      | 5892 ||| UPGRADING to +0 plate armour.
  5903 | D:3      | 5903 ||| UPGRADING to +0 plate armour.
  5914 | D:3      | 5914 ||| UPGRADING to +0 plate armour.
  5925 | D:3      | 5925 ||| UPGRADING to +0 plate armour.
  5936 | D:3      | 5936 ||| UPGRADING to +0 plate armour.
  5947 | D:3      | 5947 ||| UPGRADING to +0 plate armour.
  5958 | D:3      | 5958 ||| UPGRADING to +0 plate armour.
  5969 | D:3      | 5969 ||| UPGRADING to +0 plate armour.
  5980 | D:3      | 5980 ||| UPGRADING to +0 plate armour.
  5991 | D:3      | 5991 ||| UPGRADING to +0 plate armour.
  6002 | D:3      | 6002 ||| UPGRADING to +0 plate armour.
  6013 | D:3      | 6013 ||| UPGRADING to +0 plate armour.
  6024 | D:3      | 6024 ||| UPGRADING to +0 plate armour.
  6035 | D:3      | 6035 ||| UPGRADING to +0 plate armour.
  6046 | D:3      | 6046 ||| UPGRADING to +0 plate armour.
  6057 | D:3      | 6057 ||| UPGRADING to +0 plate armour.
  6068 | D:3      | 6068 ||| UPGRADING to +0 plate armour.
  6079 | D:3      | 6079 ||| UPGRADING to +0 plate armour.
  6090 | D:3      | 6090 ||| UPGRADING to +0 plate armour.
  6101 | D:3      | 6101 ||| UPGRADING to +0 plate armour.
  6112 | D:3      | 6112 ||| UPGRADING to +0 plate armour.
  6123 | D:3      | 6123 ||| UPGRADING to +0 plate armour.
  6134 | D:3      | 6134 ||| UPGRADING to +0 plate armour.
  6145 | D:3      | 6145 ||| UPGRADING to +0 plate armour.
  6157 | D:3      | 6157 ||| UPGRADING to +0 plate armour.
  6168 | D:3      | 6168 ||| UPGRADING to +0 plate armour.
  6179 | D:3      | 6179 ||| UPGRADING to +0 plate armour.
  6190 | D:3      | 6190 ||| UPGRADING to +0 plate armour.
  6201 | D:3      | 6201 ||| UPGRADING to +0 plate armour.
  6212 | D:3      | 6212 ||| UPGRADING to +0 plate armour.
  6223 | D:3      | 6223 ||| UPGRADING to +0 plate armour.
  6234 | D:3      | 6234 ||| UPGRADING to +0 plate armour.
  6245 | D:3      | 6245 ||| UPGRADING to +0 plate armour.
  6257 | D:3      | 6257 ||| UPGRADING to +0 plate armour.
  6268 | D:3      | 6268 ||| UPGRADING to +0 plate armour.
  6279 | D:3      | 6279 ||| UPGRADING to +0 plate armour.
  6290 | D:3      | 6290 ||| UPGRADING to +0 plate armour.
  6301 | D:3      | 6301 ||| UPGRADING to +0 plate armour.
  6312 | D:3      | 6312 ||| UPGRADING to +0 plate armour.
  6323 | D:3      | 6323 ||| UPGRADING to +0 plate armour.
  6334 | D:3      | 6334 ||| UPGRADING to +0 plate armour.
  6345 | D:3      | 6345 ||| UPGRADING to +0 plate armour.
  6356 | D:3      | 6356 ||| UPGRADING to +0 plate armour.
  6367 | D:3      | 6367 ||| UPGRADING to +0 plate armour.
  6378 | D:3      | 6378 ||| UPGRADING to +0 plate armour.
  6389 | D:3      | 6389 ||| UPGRADING to +0 plate armour.
  6400 | D:3      | 6400 ||| UPGRADING to +0 plate armour.
  6411 | D:3      | 6411 ||| UPGRADING to +0 plate armour.
  6422 | D:3      | 6422 ||| UPGRADING to +0 plate armour.
  6433 | D:3      | 6433 ||| UPGRADING to +0 plate armour.
  6444 | D:3      | 6444 ||| UPGRADING to +0 plate armour.
  6456 | D:3      | 6456 ||| UPGRADING to +0 plate armour.
  6467 | D:3      | 6467 ||| UPGRADING to +0 plate armour.
  6478 | D:3      | 6478 ||| UPGRADING to +0 plate armour.
  6489 | D:3      | 6489 ||| UPGRADING to +0 plate armour.
  6500 | D:3      | 6500 ||| UPGRADING to +0 plate armour.
  6511 | D:3      | 6511 ||| UPGRADING to +0 plate armour.
  6522 | D:3      | 6522 ||| UPGRADING to +0 plate armour.
  6533 | D:3      | 6533 ||| UPGRADING to +0 plate armour.
  6544 | D:3      | 6544 ||| UPGRADING to +0 plate armour.
  6555 | D:3      | 6555 ||| UPGRADING to +0 plate armour.
  6566 | D:3      | 6566 ||| UPGRADING to +0 plate armour.
  6577 | D:3      | 6577 ||| UPGRADING to +0 plate armour.
  6588 | D:3      | 6588 ||| UPGRADING to +0 plate armour.
  6599 | D:3      | 6599 ||| UPGRADING to +0 plate armour.
  6610 | D:3      | 6610 ||| UPGRADING to +0 plate armour.
  6621 | D:3      | 6621 ||| UPGRADING to +0 plate armour.
  6632 | D:3      | 6632 ||| UPGRADING to +0 plate armour.
  6643 | D:3      | 6643 ||| UPGRADING to +0 plate armour.
  6654 | D:3      | 6654 ||| UPGRADING to +0 plate armour.
  6665 | D:3      | 6665 ||| UPGRADING to +0 plate armour.
  6676 | D:3      | 6676 ||| UPGRADING to +0 plate armour.
  6688 | D:3      | 6688 ||| UPGRADING to +0 plate armour.
  6699 | D:3      | 6699 ||| UPGRADING to +0 plate armour.
  6710 | D:3      | 6710 ||| UPGRADING to +0 plate armour.
  6721 | D:3      | 6721 ||| UPGRADING to +0 plate armour.
  6732 | D:3      | 6732 ||| UPGRADING to +0 plate armour.
  6743 | D:3      | 6743 ||| UPGRADING to +0 plate armour.
  6754 | D:3      | 6754 ||| UPGRADING to +0 plate armour.
  6765 | D:3      | 6765 ||| UPGRADING to +0 plate armour.
  6776 | D:3      | 6776 ||| UPGRADING to +0 plate armour.
  6787 | D:3      | 6787 ||| UPGRADING to +0 plate armour.
  6798 | D:3      | 6798 ||| UPGRADING to +0 plate armour.
  6809 | D:3      | 6809 ||| UPGRADING to +0 plate armour.
  6820 | D:3      | 6820 ||| UPGRADING to +0 plate armour.
  6831 | D:3      | 6831 ||| UPGRADING to +0 plate armour.
  6842 | D:3      | 6842 ||| UPGRADING to +0 plate armour.
  6853 | D:3      | 6853 ||| UPGRADING to +0 plate armour.
  6864 | D:3      | 6864 ||| UPGRADING to +0 plate armour.
  6875 | D:3      | 6875 ||| UPGRADING to +0 plate armour.
  6886 | D:3      | 6886 ||| UPGRADING to +0 plate armour.
  6897 | D:3      | 6897 ||| UPGRADING to +0 plate armour.
  6908 | D:3      | 6908 ||| UPGRADING to +0 plate armour.
  6919 | D:3      | 6919 ||| UPGRADING to +0 plate armour.
  6930 | D:3      | 6930 ||| UPGRADING to +0 plate armour.
  6941 | D:3      | 6941 ||| UPGRADING to +0 plate armour.
  6952 | D:3      | 6952 ||| UPGRADING to +0 plate armour.
  6963 | D:3      | 6963 ||| UPGRADING to +0 plate armour.
  6975 | D:3      | 6975 ||| UPGRADING to +0 plate armour.
  6986 | D:3      | 6986 ||| UPGRADING to +0 plate armour.
  6997 | D:3      | 6997 ||| UPGRADING to +0 plate armour.
  7008 | D:3      | 7008 ||| UPGRADING to +0 plate armour.
  7019 | D:3      | 7019 ||| UPGRADING to +0 plate armour.
  7030 | D:3      | 7030 ||| UPGRADING to +0 plate armour.
  7041 | D:3      | 7041 ||| UPGRADING to +0 plate armour.
  7052 | D:3      | 7052 ||| UPGRADING to +0 plate armour.
  7063 | D:3      | 7063 ||| UPGRADING to +0 plate armour.
  7074 | D:3      | 7074 ||| UPGRADING to +0 plate armour.
  7085 | D:3      | 7085 ||| UPGRADING to +0 plate armour.
  7096 | D:3      | 7096 ||| UPGRADING to +0 plate armour.
  7107 | D:3      | 7107 ||| UPGRADING to +0 plate armour.
  7118 | D:3      | 7118 ||| UPGRADING to +0 plate armour.
  7129 | D:3      | 7129 ||| UPGRADING to +0 plate armour.
  7141 | D:3      | 7141 ||| UPGRADING to +0 plate armour.
  7152 | D:3      | 7152 ||| UPGRADING to +0 plate armour.
  7163 | D:3      | 7163 ||| UPGRADING to +0 plate armour.
  7174 | D:3      | 7174 ||| UPGRADING to +0 plate armour.
  7185 | D:3      | 7185 ||| UPGRADING to +0 plate armour.
  7196 | D:3      | 7196 ||| UPGRADING to +0 plate armour.
  7207 | D:3      | 7207 ||| UPGRADING to +0 plate armour.
  7218 | D:3      | 7218 ||| UPGRADING to +0 plate armour.
  7229 | D:3      | 7229 ||| UPGRADING to +0 plate armour.
  7240 | D:3      | 7240 ||| UPGRADING to +0 plate armour.
  7252 | D:3      | 7252 ||| UPGRADING to +0 plate armour.
  7263 | D:3      | 7263 ||| UPGRADING to +0 plate armour.
  7274 | D:3      | 7274 ||| UPGRADING to +0 plate armour.
  7285 | D:3      | 7285 ||| UPGRADING to +0 plate armour.
  7296 | D:3      | 7296 ||| UPGRADING to +0 plate armour.
  7307 | D:3      | 7307 ||| UPGRADING to +0 plate armour.
  7318 | D:3      | 7318 ||| UPGRADING to +0 plate armour.
  7329 | D:3      | 7329 ||| UPGRADING to +0 plate armour.
  7340 | D:3      | 7340 ||| UPGRADING to +0 plate armour.
  7351 | D:3      | 7351 ||| UPGRADING to +0 plate armour.
  7362 | D:3      | 7362 ||| UPGRADING to +0 plate armour.
  7373 | D:3      | 7373 ||| UPGRADING to +0 plate armour.
  7384 | D:3      | 7384 ||| UPGRADING to +0 plate armour.
  7395 | D:3      | 7395 ||| UPGRADING to +0 plate armour.
  7406 | D:3      | 7406 ||| UPGRADING to +0 plate armour.
  7417 | D:3      | 7417 ||| UPGRADING to +0 plate armour.
  7428 | D:3      | 7428 ||| UPGRADING to +0 plate armour.
  7440 | D:3      | 7440 ||| UPGRADING to +0 plate armour.
  7451 | D:3      | 7451 ||| UPGRADING to +0 plate armour.
  7462 | D:3      | 7462 ||| UPGRADING to +0 plate armour.
  7473 | D:3      | 7473 ||| UPGRADING to +0 plate armour.
  7485 | D:3      | 7485 ||| UPGRADING to +0 plate armour.
  7497 | D:3      | 7497 ||| UPGRADING to +0 plate armour.
  7508 | D:3      | 7508 ||| UPGRADING to +0 plate armour.
  7519 | D:3      | 7519 ||| UPGRADING to +0 plate armour.
  7530 | D:3      | 7530 ||| UPGRADING to +0 plate armour.
  7541 | D:3      | 7541 ||| UPGRADING to +0 plate armour.
  7552 | D:3      | 7552 ||| UPGRADING to +0 plate armour.
  7563 | D:3      | 7563 ||| UPGRADING to +0 plate armour.
  7574 | D:3      | 7574 ||| UPGRADING to +0 plate armour.
  7585 | D:3      | 7585 ||| UPGRADING to +0 plate armour.
  7596 | D:3      | 7596 ||| UPGRADING to +0 plate armour.
  7607 | D:3      | 7607 ||| UPGRADING to +0 plate armour.
  7618 | D:3      | 7618 ||| UPGRADING to +0 plate armour.
  7629 | D:3      | 7629 ||| UPGRADING to +0 plate armour.
  7640 | D:3      | 7640 ||| UPGRADING to +0 plate armour.
  7651 | D:3      | 7651 ||| UPGRADING to +0 plate armour.
  7662 | D:3      | 7662 ||| UPGRADING to +0 plate armour.
  7673 | D:3      | 7673 ||| UPGRADING to +0 plate armour.
  7684 | D:3      | 7684 ||| UPGRADING to +0 plate armour.
  7695 | D:3      | 7695 ||| UPGRADING to +0 plate armour.
  7706 | D:3      | 7706 ||| UPGRADING to +0 plate armour.
  7717 | D:3      | 7717 ||| UPGRADING to +0 plate armour.
  7728 | D:3      | 7728 ||| UPGRADING to +0 plate armour.
  7739 | D:3      | 7739 ||| UPGRADING to +0 plate armour.
  7750 | D:3      | 7750 ||| UPGRADING to +0 plate armour.
  7761 | D:3      | 7761 ||| UPGRADING to +0 plate armour.
  7772 | D:3      | 7772 ||| UPGRADING to +0 plate armour.
  7783 | D:3      | 7783 ||| UPGRADING to +0 plate armour.
  7794 | D:3      | 7794 ||| UPGRADING to +0 plate armour.
  7805 | D:3      | 7805 ||| UPGRADING to +0 plate armour.
  7816 | D:3      | 7816 ||| UPGRADING to +0 plate armour.
  7827 | D:3      | 7827 ||| UPGRADING to +0 plate armour.
  7838 | D:3      | 7838 ||| UPGRADING to +0 plate armour.
  7849 | D:3      | 7849 ||| UPGRADING to +0 plate armour.
  7860 | D:3      | 7860 ||| UPGRADING to +0 plate armour.
  7871 | D:3      | 7871 ||| UPGRADING to +0 plate armour.
  7882 | D:3      | 7882 ||| UPGRADING to +0 plate armour.
  7893 | D:3      | 7893 ||| UPGRADING to +0 plate armour.
  7904 | D:3      | 7904 ||| UPGRADING to +0 plate armour.
  7915 | D:3      | 7915 ||| UPGRADING to +0 plate armour.
  7926 | D:3      | 7926 ||| UPGRADING to +0 plate armour.
  7937 | D:3      | 7937 ||| UPGRADING to +0 plate armour.
  7948 | D:3      | 7948 ||| UPGRADING to +0 plate armour.
  7959 | D:3      | 7959 ||| UPGRADING to +0 plate armour.
  7970 | D:3      | 7970 ||| UPGRADING to +0 plate armour.
  7982 | D:3      | 7982 ||| UPGRADING to +0 plate armour.
  7993 | D:3      | 7993 ||| UPGRADING to +0 plate armour.
  8004 | D:3      | 8004 ||| UPGRADING to +0 plate armour.
  8015 | D:3      | 8015 ||| UPGRADING to +0 plate armour.
  8026 | D:3      | 8026 ||| UPGRADING to +0 plate armour.
  8037 | D:3      | 8037 ||| UPGRADING to +0 plate armour.
  8048 | D:3      | 8048 ||| UPGRADING to +0 plate armour.
  8059 | D:3      | 8059 ||| UPGRADING to +0 plate armour.
  8070 | D:3      | 8070 ||| UPGRADING to +0 plate armour.
  8081 | D:3      | 8081 ||| UPGRADING to +0 plate armour.
  8093 | D:3      | 8093 ||| UPGRADING to +0 plate armour.
  8104 | D:3      | 8104 ||| UPGRADING to +0 plate armour.
  8115 | D:3      | 8115 ||| UPGRADING to +0 plate armour.
  8126 | D:3      | 8126 ||| UPGRADING to +0 plate armour.
  8137 | D:3      | 8137 ||| UPGRADING to +0 plate armour.
  8148 | D:3      | 8148 ||| UPGRADING to +0 plate armour.
  8159 | D:3      | 8159 ||| UPGRADING to +0 plate armour.
  8170 | D:3      | 8170 ||| UPGRADING to +0 plate armour.
  8181 | D:3      | 8181 ||| UPGRADING to +0 plate armour.
  8192 | D:3      | 8192 ||| UPGRADING to +0 plate armour.
  8203 | D:3      | 8203 ||| UPGRADING to +0 plate armour.
  8214 | D:3      | 8214 ||| UPGRADING to +0 plate armour.
  8225 | D:3      | 8225 ||| UPGRADING to +0 plate armour.
  8236 | D:3      | 8236 ||| UPGRADING to +0 plate armour.
  8247 | D:3      | 8247 ||| UPGRADING to +0 plate armour.
  8258 | D:3      | 8258 ||| UPGRADING to +0 plate armour.
  8269 | D:3      | 8269 ||| UPGRADING to +0 plate armour.
  8280 | D:3      | 8280 ||| UPGRADING to +0 plate armour.
  8291 | D:3      | 8291 ||| UPGRADING to +0 plate armour.
  8302 | D:3      | 8302 ||| UPGRADING to +0 plate armour.
  8313 | D:3      | 8313 ||| UPGRADING to +0 plate armour.
  8324 | D:3      | 8324 ||| UPGRADING to +0 plate armour.
  8335 | D:3      | 8335 ||| UPGRADING to +0 plate armour.
  8347 | D:3      | 8347 ||| UPGRADING to +0 plate armour.
  8358 | D:3      | 8358 ||| UPGRADING to +0 plate armour.
  8369 | D:3      | 8369 ||| UPGRADING to +0 plate armour.
  8380 | D:3      | 8380 ||| UPGRADING to +0 plate armour.
  8391 | D:3      | 8391 ||| UPGRADING to +0 plate armour.
  8402 | D:3      | 8402 ||| UPGRADING to +0 plate armour.
  8413 | D:3      | 8413 ||| UPGRADING to +0 plate armour.
  8424 | D:3      | 8424 ||| UPGRADING to +0 plate armour.
  8435 | D:3      | 8435 ||| UPGRADING to +0 plate armour.
  8446 | D:3      | 8446 ||| UPGRADING to +0 plate armour.
  8457 | D:3      | 8457 ||| UPGRADING to +0 plate armour.
  8468 | D:3      | 8468 ||| UPGRADING to +0 plate armour.
  8479 | D:3      | 8479 ||| UPGRADING to +0 plate armour.
  8490 | D:3      | 8490 ||| UPGRADING to +0 plate armour.
  8501 | D:3      | 8501 ||| UPGRADING to +0 plate armour.
  8512 | D:3      | 8512 ||| UPGRADING to +0 plate armour.
  8523 | D:3      | 8523 ||| UPGRADING to +0 plate armour.
  8534 | D:3      | 8534 ||| UPGRADING to +0 plate armour.
  8545 | D:3      | 8545 ||| UPGRADING to +0 plate armour.
  8556 | D:3      | 8556 ||| UPGRADING to +0 plate armour.
  8567 | D:3      | 8567 ||| UPGRADING to +0 plate armour.
  8578 | D:3      | 8578 ||| UPGRADING to +0 plate armour.
  8589 | D:3      | 8589 ||| UPGRADING to +0 plate armour.
  8601 | D:3      | 8601 ||| UPGRADING to +0 plate armour.
  8612 | D:3      | 8612 ||| UPGRADING to +0 plate armour.
  8623 | D:3      | 8623 ||| UPGRADING to +0 plate armour.
  8634 | D:3      | 8634 ||| UPGRADING to +0 plate armour.
  8645 | D:3      | 8645 ||| UPGRADING to +0 plate armour.
  8656 | D:3      | 8656 ||| UPGRADING to +0 plate armour.
  8667 | D:3      | 8667 ||| UPGRADING to +0 plate armour.
  8678 | D:3      | 8678 ||| UPGRADING to +0 plate armour.
  8689 | D:3      | 8689 ||| UPGRADING to +0 plate armour.
  8700 | D:3      | 8700 ||| UPGRADING to +0 plate armour.
  8711 | D:3      | 8711 ||| UPGRADING to +0 plate armour.
  8722 | D:3      | 8722 ||| UPGRADING to +0 plate armour.
  8733 | D:3      | 8733 ||| UPGRADING to +0 plate armour.
  8744 | D:3      | 8744 ||| UPGRADING to +0 plate armour.
  8755 | D:3      | 8755 ||| UPGRADING to +0 plate armour.
  8766 | D:3      | 8766 ||| UPGRADING to +0 plate armour.
  8777 | D:3      | 8777 ||| UPGRADING to +0 plate armour.
  8788 | D:3      | 8788 ||| UPGRADING to +0 plate armour.
  8799 | D:3      | 8799 ||| UPGRADING to +0 plate armour.
  8810 | D:3      | 8810 ||| UPGRADING to +0 plate armour.
  8821 | D:3      | 8821 ||| UPGRADING to +0 plate armour.
  8832 | D:3      | 8832 ||| UPGRADING to +0 plate armour.
  8843 | D:3      | 8843 ||| UPGRADING to +0 plate armour.
  8854 | D:3      | 8854 ||| UPGRADING to +0 plate armour.
  8865 | D:3      | 8865 ||| UPGRADING to +0 plate armour.
  8876 | D:3      | 8876 ||| UPGRADING to +0 plate armour.
  8887 | D:3      | 8887 ||| UPGRADING to +0 plate armour.
  8898 | D:3      | 8898 ||| UPGRADING to +0 plate armour.
  8909 | D:3      | 8909 ||| UPGRADING to +0 plate armour.
  8920 | D:3      | 8920 ||| UPGRADING to +0 plate armour.
  8931 | D:3      | 8931 ||| UPGRADING to +0 plate armour.
  8942 | D:3      | 8942 ||| UPGRADING to +0 plate armour.
  8953 | D:3      | 8953 ||| UPGRADING to +0 plate armour.
  8964 | D:3      | 8964 ||| UPGRADING to +0 plate armour.
  8975 | D:3      | 8975 ||| UPGRADING to +0 plate armour.
  8986 | D:3      | 8986 ||| UPGRADING to +0 plate armour.
  8997 | D:3      | 8997 ||| UPGRADING to +0 plate armour.
  9008 | D:3      | 9008 ||| UPGRADING to +0 plate armour.
  9019 | D:3      | 9019 ||| UPGRADING to +0 plate armour.
  9030 | D:3      | 9030 ||| UPGRADING to +0 plate armour.
  9041 | D:3      | 9041 ||| UPGRADING to +0 plate armour.
  9052 | D:3      | 9052 ||| UPGRADING to +0 plate armour.
  9063 | D:3      | 9063 ||| UPGRADING to +0 plate armour.
  9074 | D:3      | 9074 ||| UPGRADING to +0 plate armour.
  9085 | D:3      | 9085 ||| UPGRADING to +0 plate armour.
  9096 | D:3      | 9096 ||| UPGRADING to +0 plate armour.
  9107 | D:3      | 9107 ||| UPGRADING to +0 plate armour.
  9118 | D:3      | 9118 ||| UPGRADING to +0 plate armour.
  9129 | D:3      | 9129 ||| UPGRADING to +0 plate armour.
  9140 | D:3      | 9140 ||| UPGRADING to +0 plate armour.
  9151 | D:3      | 9151 ||| UPGRADING to +0 plate armour.
  9162 | D:3      | 9162 ||| UPGRADING to +0 plate armour.
  9174 | D:3      | 9174 ||| UPGRADING to +0 plate armour.
  9185 | D:3      | 9185 ||| UPGRADING to +0 plate armour.
  9196 | D:3      | 9196 ||| UPGRADING to +0 plate armour.
  9207 | D:3      | 9207 ||| UPGRADING to +0 plate armour.
  9218 | D:3      | 9218 ||| UPGRADING to +0 plate armour.
  9229 | D:3      | 9229 ||| UPGRADING to +0 plate armour.
  9240 | D:3      | 9240 ||| UPGRADING to +0 plate armour.
  9252 | D:3      | 9252 ||| UPGRADING to +0 plate armour.
  9263 | D:3      | 9263 ||| UPGRADING to +0 plate armour.
  9274 | D:3      | 9274 ||| UPGRADING to +0 plate armour.
  9285 | D:3      | 9285 ||| UPGRADING to +0 plate armour.
  9296 | D:3      | 9296 ||| UPGRADING to +0 plate armour.
  9307 | D:3      | 9307 ||| UPGRADING to +0 plate armour.
  9318 | D:3      | 9318 ||| UPGRADING to +0 plate armour.
  9329 | D:3      | 9329 ||| UPGRADING to +0 plate armour.
  9340 | D:3      | 9340 ||| UPGRADING to +0 plate armour.
  9351 | D:3      | 9351 ||| UPGRADING to +0 plate armour.
  9362 | D:3      | 9362 ||| UPGRADING to +0 plate armour.
  9373 | D:3      | 9373 ||| UPGRADING to +0 plate armour.
  9384 | D:3      | 9384 ||| UPGRADING to +0 plate armour.
  9395 | D:3      | 9395 ||| UPGRADING to +0 plate armour.
  9406 | D:3      | 9406 ||| UPGRADING to +0 plate armour.
  9417 | D:3      | 9417 ||| UPGRADING to +0 plate armour.
  9428 | D:3      | 9428 ||| UPGRADING to +0 plate armour.
  9439 | D:3      | 9439 ||| UPGRADING to +0 plate armour.
  9450 | D:3      | 9450 ||| UPGRADING to +0 plate armour.
  9461 | D:3      | 9461 ||| UPGRADING to +0 plate armour.
  9472 | D:3      | 9472 ||| UPGRADING to +0 plate armour.
  9483 | D:3      | 9483 ||| UPGRADING to +0 plate armour.
  9494 | D:3      | 9494 ||| UPGRADING to +0 plate armour.
  9506 | D:3      | 9506 ||| UPGRADING to +0 plate armour.
  9517 | D:3      | 9517 ||| UPGRADING to +0 plate armour.
  9528 | D:3      | 9528 ||| UPGRADING to +0 plate armour.
  9539 | D:3      | 9539 ||| UPGRADING to +0 plate armour.
  9550 | D:3      | 9550 ||| UPGRADING to +0 plate armour.
  9561 | D:3      | 9561 ||| UPGRADING to +0 plate armour.
  9572 | D:3      | 9572 ||| UPGRADING to +0 plate armour.
  9583 | D:3      | 9583 ||| UPGRADING to +0 plate armour.
  9594 | D:3      | 9594 ||| UPGRADING to +0 plate armour.
  9605 | D:3      | 9605 ||| UPGRADING to +0 plate armour.
  9616 | D:3      | 9616 ||| UPGRADING to +0 plate armour.
  9627 | D:3      | 9627 ||| UPGRADING to +0 plate armour.
  9638 | D:3      | 9638 ||| UPGRADING to +0 plate armour.
  9649 | D:3      | 9649 ||| UPGRADING to +0 plate armour.
  9660 | D:3      | 9660 ||| UPGRADING to +0 plate armour.
  9672 | D:3      | 9672 ||| UPGRADING to +0 plate armour.
  9683 | D:3      | 9683 ||| UPGRADING to +0 plate armour.
  9694 | D:3      | 9694 ||| UPGRADING to +0 plate armour.
  9705 | D:3      | 9705 ||| UPGRADING to +0 plate armour.
  9716 | D:3      | 9716 ||| UPGRADING to +0 plate armour.
  9727 | D:3      | 9727 ||| UPGRADING to +0 plate armour.
  9738 | D:3      | 9738 ||| UPGRADING to +0 plate armour.
  9749 | D:3      | 9749 ||| UPGRADING to +0 plate armour.
  9760 | D:3      | 9760 ||| UPGRADING to +0 plate armour.
  9771 | D:3      | 9771 ||| UPGRADING to +0 plate armour.
  9782 | D:3      | 9782 ||| UPGRADING to +0 plate armour.
  9793 | D:3      | 9793 ||| UPGRADING to +0 plate armour.
  9804 | D:3      | 9804 ||| UPGRADING to +0 plate armour.
  9815 | D:3      | 9815 ||| UPGRADING to +0 plate armour.
  9826 | D:3      | 9826 ||| UPGRADING to +0 plate armour.
  9837 | D:3      | 9837 ||| UPGRADING to +0 plate armour.
  9848 | D:3      | 9848 ||| UPGRADING to +0 plate armour.
  9859 | D:3      | 9859 ||| UPGRADING to +0 plate armour.
  9870 | D:3      | 9870 ||| UPGRADING to +0 plate armour.
  9882 | D:3      | 9882 ||| UPGRADING to +0 plate armour.
  9893 | D:3      | 9893 ||| UPGRADING to +0 plate armour.
  9904 | D:3      | 9904 ||| UPGRADING to +0 plate armour.
  9915 | D:3      | 9915 ||| UPGRADING to +0 plate armour.
  9926 | D:3      | 9926 ||| UPGRADING to +0 plate armour.
  9937 | D:3      | 9937 ||| UPGRADING to +0 plate armour.
  9948 | D:3      | 9948 ||| UPGRADING to +0 plate armour.
  9959 | D:3      | 9959 ||| UPGRADING to +0 plate armour.
  9970 | D:3      | 9970 ||| UPGRADING to +0 plate armour.
  9981 | D:3      | 9981 ||| UPGRADING to +0 plate armour.
  9992 | D:3      | 9992 ||| UPGRADING to +0 plate armour.
 10003 | D:3      | 10003 ||| UPGRADING to +0 plate armour.
 10014 | D:3      | 10014 ||| UPGRADING to +0 plate armour.
 10025 | D:3      | 10025 ||| UPGRADING to +0 plate armour.
 10036 | D:3      | 10036 ||| UPGRADING to +0 plate armour.
 10047 | D:3      | 10047 ||| UPGRADING to +0 plate armour.
 10058 | D:3      | 10058 ||| UPGRADING to +0 plate armour.
 10069 | D:3      | 10069 ||| UPGRADING to +0 plate armour.
 10080 | D:3      | 10080 ||| UPGRADING to +0 plate armour.
 10091 | D:3      | 10091 ||| UPGRADING to +0 plate armour.
 10102 | D:3      | 10102 ||| UPGRADING to +0 plate armour.
 10113 | D:3      | 10113 ||| UPGRADING to +0 plate armour.
 10124 | D:3      | 10124 ||| UPGRADING to +0 plate armour.
 10135 | D:3      | 10135 ||| UPGRADING to +0 plate armour.
 10146 | D:3      | 10146 ||| UPGRADING to +0 plate armour.
 10157 | D:3      | 10157 ||| UPGRADING to +0 plate armour.
 10169 | D:3      | 10169 ||| UPGRADING to +0 plate armour.
 10180 | D:3      | 10180 ||| UPGRADING to +0 plate armour.
 10191 | D:3      | 10191 ||| UPGRADING to +0 plate armour.
 10202 | D:3      | 10202 ||| UPGRADING to +0 plate armour.
 10213 | D:3      | 10213 ||| UPGRADING to +0 plate armour.
 10224 | D:3      | 10224 ||| UPGRADING to +0 plate armour.
 10235 | D:3      | 10235 ||| UPGRADING to +0 plate armour.
 10246 | D:3      | 10246 ||| UPGRADING to +0 plate armour.
 10257 | D:3      | 10257 ||| UPGRADING to +0 plate armour.
 10269 | D:3      | 10269 ||| UPGRADING to +0 plate armour.
 10280 | D:3      | 10280 ||| UPGRADING to +0 plate armour.
 10291 | D:3      | 10291 ||| UPGRADING to +0 plate armour.
 10302 | D:3      | 10302 ||| UPGRADING to +0 plate armour.
 10313 | D:3      | 10313 ||| UPGRADING to +0 plate armour.
 10324 | D:3      | 10324 ||| UPGRADING to +0 plate armour.
 10336 | D:3      | 10336 ||| UPGRADING to +0 plate armour.
 10347 | D:3      | 10347 ||| UPGRADING to +0 plate armour.
 10358 | D:3      | 10358 ||| UPGRADING to +0 plate armour.
 10369 | D:3      | 10369 ||| UPGRADING to +0 plate armour.
 10380 | D:3      | 10380 ||| UPGRADING to +0 plate armour.
 10391 | D:3      | 10391 ||| UPGRADING to +0 plate armour.
 10402 | D:3      | 10402 ||| UPGRADING to +0 plate armour.
 10413 | D:3      | 10413 ||| UPGRADING to +0 plate armour.
 10424 | D:3      | 10424 ||| UPGRADING to +0 plate armour.
 10435 | D:3      | 10435 ||| UPGRADING to +0 plate armour.
 10446 | D:3      | 10446 ||| UPGRADING to +0 plate armour.
 10457 | D:3      | 10457 ||| UPGRADING to +0 plate armour.
 10468 | D:3      | 10468 ||| UPGRADING to +0 plate armour.
 10479 | D:3      | 10479 ||| UPGRADING to +0 plate armour.
 10490 | D:3      | 10490 ||| UPGRADING to +0 plate armour.
 10501 | D:3      | 10501 ||| UPGRADING to +0 plate armour.
 10512 | D:3      | 10512 ||| UPGRADING to +0 plate armour.
 10523 | D:3      | 10523 ||| UPGRADING to +0 plate armour.
 10534 | D:3      | 10534 ||| UPGRADING to +0 plate armour.
 10545 | D:3      | 10545 ||| UPGRADING to +0 plate armour.
 10556 | D:3      | 10556 ||| UPGRADING to +0 plate armour.
 10567 | D:3      | 10567 ||| UPGRADING to +0 plate armour.
 10578 | D:3      | 10578 ||| UPGRADING to +0 plate armour.
 10590 | D:3      | 10590 ||| UPGRADING to +0 plate armour.
 10601 | D:3      | 10601 ||| UPGRADING to +0 plate armour.
 10612 | D:3      | 10612 ||| UPGRADING to +0 plate armour.
 10623 | D:3      | 10623 ||| UPGRADING to +0 plate armour.
 10634 | D:3      | 10634 ||| UPGRADING to +0 plate armour.
 10645 | D:3      | 10645 ||| UPGRADING to +0 plate armour.
 10656 | D:3      | 10656 ||| UPGRADING to +0 plate armour.
 10667 | D:3      | 10667 ||| UPGRADING to +0 plate armour.
 10678 | D:3      | 10678 ||| UPGRADING to +0 plate armour.
 10689 | D:3      | 10689 ||| UPGRADING to +0 plate armour.
 10700 | D:3      | 10700 ||| UPGRADING to +0 plate armour.
 10711 | D:3      | 10711 ||| UPGRADING to +0 plate armour.
 10722 | D:3      | 10722 ||| UPGRADING to +0 plate armour.
 10733 | D:3      | 10733 ||| UPGRADING to +0 plate armour.
 10744 | D:3      | 10744 ||| UPGRADING to +0 plate armour.
 10755 | D:3      | 10755 ||| UPGRADING to +0 plate armour.
 10766 | D:3      | 10766 ||| UPGRADING to +0 plate armour.
 10777 | D:3      | 10777 ||| UPGRADING to +0 plate armour.
 10789 | D:3      | 10789 ||| UPGRADING to +0 plate armour.
 10800 | D:3      | 10800 ||| UPGRADING to +0 plate armour.
 10811 | D:3      | 10811 ||| UPGRADING to +0 plate armour.
 10822 | D:3      | 10822 ||| UPGRADING to +0 plate armour.
 10833 | D:3      | 10833 ||| UPGRADING to +0 plate armour.
 10844 | D:3      | 10844 ||| UPGRADING to +0 plate armour.
 10855 | D:3      | 10855 ||| UPGRADING to +0 plate armour.
 10866 | D:3      | 10866 ||| UPGRADING to +0 plate armour.
 10877 | D:3      | 10877 ||| UPGRADING to +0 plate armour.
 10888 | D:3      | 10888 ||| UPGRADING to +0 plate armour.
 10899 | D:3      | 10899 ||| UPGRADING to +0 plate armour.
 10910 | D:3      | 10910 ||| UPGRADING to +0 plate armour.
 10921 | D:3      | 10921 ||| UPGRADING to +0 plate armour.
 10932 | D:3      | 10932 ||| UPGRADING to +0 plate armour.
 10943 | D:3      | 10943 ||| UPGRADING to +0 plate armour.
 10954 | D:3      | 10954 ||| UPGRADING to +0 plate armour.
 10965 | D:3      | 10965 ||| UPGRADING to +0 plate armour.
 10976 | D:3      | 10976 ||| UPGRADING to +0 plate armour.
 10987 | D:3      | 10987 ||| UPGRADING to +0 plate armour.
 10998 | D:3      | 10998 ||| UPGRADING to +0 plate armour.
 11009 | D:3      | 11009 ||| UPGRADING to +0 plate armour.
 11020 | D:3      | 11020 ||| UPGRADING to +0 plate armour.
 11031 | D:3      | 11031 ||| UPGRADING to +0 plate armour.
 11042 | D:3      | 11042 ||| UPGRADING to +0 plate armour.
 11053 | D:3      | 11053 ||| UPGRADING to +0 plate armour.
 11064 | D:3      | 11064 ||| UPGRADING to +0 plate armour.
 11075 | D:3      | 11075 ||| UPGRADING to +0 plate armour.
 11086 | D:3      | 11086 ||| UPGRADING to +0 plate armour.
 11097 | D:3      | 11097 ||| UPGRADING to +0 plate armour.
 11108 | D:3      | 11108 ||| UPGRADING to +0 plate armour.
 11119 | D:3      | 11119 ||| UPGRADING to +0 plate armour.
 11130 | D:3      | 11130 ||| UPGRADING to +0 plate armour.
 11143 | D:3      | 11143 ||| UPGRADING to +0 plate armour.
 11154 | D:3      | 11154 ||| UPGRADING to +0 plate armour.
 11165 | D:3      | 11165 ||| UPGRADING to +0 plate armour.
 11176 | D:3      | 11176 ||| UPGRADING to +0 plate armour.
 11187 | D:3      | 11187 ||| UPGRADING to +0 plate armour.
 11198 | D:3      | 11198 ||| UPGRADING to +0 plate armour.
 11209 | D:3      | 11209 ||| UPGRADING to +0 plate armour.
 11220 | D:3      | 11220 ||| UPGRADING to +0 plate armour.
 11231 | D:3      | 11231 ||| UPGRADING to +0 plate armour.
 11242 | D:3      | 11242 ||| UPGRADING to +0 plate armour.
 11253 | D:3      | 11253 ||| UPGRADING to +0 plate armour.
 11264 | D:3      | 11264 ||| UPGRADING to +0 plate armour.
 11276 | D:3      | 11276 ||| UPGRADING to +0 plate armour.
 11287 | D:3      | 11287 ||| UPGRADING to +0 plate armour.
 11298 | D:3      | 11298 ||| UPGRADING to +0 plate armour.
 11309 | D:3      | 11309 ||| UPGRADING to +0 plate armour.
 11320 | D:3      | 11320 ||| UPGRADING to +0 plate armour.
 11331 | D:3      | 11331 ||| UPGRADING to +0 plate armour.
 11342 | D:3      | 11342 ||| UPGRADING to +0 plate armour.
 11353 | D:3      | 11353 ||| UPGRADING to +0 plate armour.
 11364 | D:3      | 11364 ||| UPGRADING to +0 plate armour.
 11375 | D:3      | 11375 ||| UPGRADING to +0 plate armour.
 11386 | D:3      | 11386 ||| UPGRADING to +0 plate armour.
 11397 | D:3      | 11397 ||| UPGRADING to +0 plate armour.
 11408 | D:3      | 11408 ||| UPGRADING to +0 plate armour.
 11419 | D:3      | 11419 ||| UPGRADING to +0 plate armour.
 11430 | D:3      | 11430 ||| UPGRADING to +0 plate armour.
 11441 | D:3      | 11441 ||| UPGRADING to +0 plate armour.
 11452 | D:3      | 11452 ||| UPGRADING to +0 plate armour.
 11463 | D:3      | 11463 ||| UPGRADING to +0 plate armour.
 11474 | D:3      | 11474 ||| UPGRADING to +0 plate armour.
 11485 | D:3      | 11485 ||| UPGRADING to +0 plate armour.
 11496 | D:3      | 11496 ||| UPGRADING to +0 plate armour.
 11507 | D:3      | 11507 ||| UPGRADING to +0 plate armour.
 11518 | D:3      | 11518 ||| UPGRADING to +0 plate armour.
 11529 | D:3      | 11529 ||| UPGRADING to +0 plate armour.
 11540 | D:3      | 11540 ||| UPGRADING to +0 plate armour.
 11551 | D:3      | 11551 ||| UPGRADING to +0 plate armour.
 11562 | D:3      | 11562 ||| UPGRADING to +0 plate armour.
 11574 | D:3      | 11574 ||| UPGRADING to +0 plate armour.
 11585 | D:3      | 11585 ||| UPGRADING to +0 plate armour.
 11596 | D:3      | 11596 ||| UPGRADING to +0 plate armour.
 11608 | D:3      | 11608 ||| UPGRADING to +0 plate armour.
 11619 | D:3      | 11619 ||| UPGRADING to +0 plate armour.
 11630 | D:3      | 11630 ||| UPGRADING to +0 plate armour.
 11641 | D:3      | 11641 ||| UPGRADING to +0 plate armour.
 11652 | D:3      | 11652 ||| UPGRADING to +0 plate armour.
 11663 | D:3      | 11663 ||| UPGRADING to +0 plate armour.
 11674 | D:3      | 11674 ||| UPGRADING to +0 plate armour.
 11686 | D:3      | 11686 ||| UPGRADING to +0 plate armour.
 11697 | D:3      | 11697 ||| UPGRADING to +0 plate armour.
 11708 | D:3      | 11708 ||| UPGRADING to +0 plate armour.
 11719 | D:3      | 11719 ||| UPGRADING to +0 plate armour.
 11730 | D:3      | 11730 ||| UPGRADING to +0 plate armour.
 11741 | D:3      | 11741 ||| UPGRADING to +0 plate armour.
 11752 | D:3      | 11752 ||| UPGRADING to +0 plate armour.
 11763 | D:3      | 11763 ||| UPGRADING to +0 plate armour.
 11774 | D:3      | 11774 ||| UPGRADING to +0 plate armour.
 11785 | D:3      | 11785 ||| UPGRADING to +0 plate armour.
 11796 | D:3      | 11796 ||| UPGRADING to +0 plate armour.
 11807 | D:3      | 11807 ||| UPGRADING to +0 plate armour.
 11818 | D:3      | 11818 ||| UPGRADING to +0 plate armour.
 11829 | D:3      | 11829 ||| UPGRADING to +0 plate armour.
 11840 | D:3      | 11840 ||| UPGRADING to +0 plate armour.
 11851 | D:3      | 11851 ||| UPGRADING to +0 plate armour.
 11862 | D:3      | 11862 ||| UPGRADING to +0 plate armour.
 11873 | D:3      | 11873 ||| UPGRADING to +0 plate armour.
 11884 | D:3      | 11884 ||| UPGRADING to +0 plate armour.
 11895 | D:3      | 11895 ||| UPGRADING to +0 plate armour.
 11906 | D:3      | 11906 ||| UPGRADING to +0 plate armour.
 11917 | D:3      | 11917 ||| UPGRADING to +0 plate armour.
 11928 | D:3      | 11928 ||| UPGRADING to +0 plate armour.
 11939 | D:3      | 11939 ||| UPGRADING to +0 plate armour.
 11950 | D:3      | 11950 ||| UPGRADING to +0 plate armour.
 11961 | D:3      | 11961 ||| UPGRADING to +0 plate armour.
 11972 | D:3      | 11972 ||| UPGRADING to +0 plate armour.
 11983 | D:3      | 11983 ||| UPGRADING to +0 plate armour.
 11994 | D:3      | 11994 ||| UPGRADING to +0 plate armour.
 12005 | D:3      | 12005 ||| UPGRADING to +0 plate armour.
 12016 | D:3      | 12016 ||| UPGRADING to +0 plate armour.
 12028 | D:3      | 12028 ||| UPGRADING to +0 plate armour.
 12039 | D:3      | 12039 ||| UPGRADING to +0 plate armour.
 12051 | D:3      | 12051 ||| UPGRADING to +0 plate armour.
 12062 | D:3      | 12062 ||| UPGRADING to +0 plate armour.
 12073 | D:3      | 12073 ||| UPGRADING to +0 plate armour.
 12085 | D:3      | 12085 ||| UPGRADING to +0 plate armour.
 12096 | D:3      | 12096 ||| UPGRADING to +0 plate armour.
 12107 | D:3      | 12107 ||| UPGRADING to +0 plate armour.
 12118 | D:3      | 12118 ||| UPGRADING to +0 plate armour.
 12129 | D:3      | 12129 ||| UPGRADING to +0 plate armour.
 12142 | D:3      | 12142 ||| UPGRADING to +0 plate armour.
 12153 | D:3      | 12153 ||| UPGRADING to +0 plate armour.
 12164 | D:3      | 12164 ||| UPGRADING to +0 plate armour.
 12175 | D:3      | 12175 ||| UPGRADING to +0 plate armour.
 12186 | D:3      | 12186 ||| UPGRADING to +0 plate armour.
 12197 | D:3      | 12197 ||| UPGRADING to +0 plate armour.
 12208 | D:3      | 12208 ||| UPGRADING to +0 plate armour.
 12219 | D:3      | 12219 ||| UPGRADING to +0 plate armour.
 12230 | D:3      | 12230 ||| UPGRADING to +0 plate armour.
 12241 | D:3      | 12241 ||| UPGRADING to +0 plate armour.
 12252 | D:3      | 12252 ||| UPGRADING to +0 plate armour.
 12264 | D:3      | 12264 ||| UPGRADING to +0 plate armour.
 12275 | D:3      | 12275 ||| UPGRADING to +0 plate armour.
 12286 | D:3      | 12286 ||| UPGRADING to +0 plate armour.
 12297 | D:3      | 12297 ||| UPGRADING to +0 plate armour.
 12308 | D:3      | 12308 ||| UPGRADING to +0 plate armour.
 12319 | D:3      | 12319 ||| UPGRADING to +0 plate armour.
 12330 | D:3      | 12330 ||| UPGRADING to +0 plate armour.
 12341 | D:3      | 12341 ||| UPGRADING to +0 plate armour.
 12352 | D:3      | 12352 ||| UPGRADING to +0 plate armour.
 12363 | D:3      | 12363 ||| UPGRADING to +0 plate armour.
 12374 | D:3      | 12374 ||| UPGRADING to +0 plate armour.
 12385 | D:3      | 12385 ||| UPGRADING to +0 plate armour.
 12396 | D:3      | 12396 ||| UPGRADING to +0 plate armour.
 12407 | D:3      | 12407 ||| UPGRADING to +0 plate armour.
 12418 | D:3      | 12418 ||| UPGRADING to +0 plate armour.
 12429 | D:3      | 12429 ||| UPGRADING to +0 plate armour.
 12440 | D:3      | 12440 ||| UPGRADING to +0 plate armour.
 12451 | D:3      | 12451 ||| UPGRADING to +0 plate armour.
 12462 | D:3      | 12462 ||| UPGRADING to +0 plate armour.
 12473 | D:3      | 12473 ||| UPGRADING to +0 plate armour.
 12484 | D:3      | 12484 ||| UPGRADING to +0 plate armour.
 12495 | D:3      | 12495 ||| UPGRADING to +0 plate armour.
 12506 | D:3      | 12506 ||| UPGRADING to +0 plate armour.
 12517 | D:3      | 12517 ||| UPGRADING to +0 plate armour.
 12528 | D:3      | 12528 ||| UPGRADING to +0 plate armour.
 12539 | D:3      | 12539 ||| UPGRADING to +0 plate armour.
 12550 | D:3      | 12550 ||| UPGRADING to +0 plate armour.
 12561 | D:3      | 12561 ||| UPGRADING to +0 plate armour.
 12572 | D:3      | 12572 ||| UPGRADING to +0 plate armour.
 12583 | D:3      | 12583 ||| UPGRADING to +0 plate armour.
 12594 | D:3      | 12594 ||| UPGRADING to +0 plate armour.
 12605 | D:3      | 12605 ||| UPGRADING to +0 plate armour.
 12616 | D:3      | 12616 ||| UPGRADING to +0 plate armour.
 12627 | D:3      | 12627 ||| UPGRADING to +0 plate armour.
 12638 | D:3      | 12638 ||| UPGRADING to +0 plate armour.
 12649 | D:3      | 12649 ||| UPGRADING to +0 plate armour.
 12660 | D:3      | 12660 ||| UPGRADING to +0 plate armour.
 12671 | D:3      | 12671 ||| UPGRADING to +0 plate armour.
 12682 | D:3      | 12682 ||| UPGRADING to +0 plate armour.
 12693 | D:3      | 12693 ||| UPGRADING to +0 plate armour.
 12704 | D:3      | 12704 ||| UPGRADING to +0 plate armour.
 12716 | D:3      | 12716 ||| UPGRADING to +0 plate armour.
 12727 | D:3      | 12727 ||| UPGRADING to +0 plate armour.
 12738 | D:3      | 12738 ||| UPGRADING to +0 plate armour.
 12749 | D:3      | 12749 ||| UPGRADING to +0 plate armour.
 12760 | D:3      | 12760 ||| UPGRADING to +0 plate armour.
 12771 | D:3      | 12771 ||| UPGRADING to +0 plate armour.
 12782 | D:3      | 12782 ||| UPGRADING to +0 plate armour.
 12793 | D:3      | 12793 ||| UPGRADING to +0 plate armour.
 12804 | D:3      | 12804 ||| UPGRADING to +0 plate armour.
 12815 | D:3      | 12815 ||| UPGRADING to +0 plate armour.
 12826 | D:3      | 12826 ||| UPGRADING to +0 plate armour.
 12837 | D:3      | 12837 ||| UPGRADING to +0 plate armour.
 12848 | D:3      | 12848 ||| UPGRADING to +0 plate armour.
 12859 | D:3      | 12859 ||| UPGRADING to +0 plate armour.
 12870 | D:3      | 12870 ||| UPGRADING to +0 plate armour.
 12881 | D:3      | 12881 ||| UPGRADING to +0 plate armour.
 12892 | D:3      | 12892 ||| UPGRADING to +0 plate armour.
 12904 | D:3      | 12904 ||| UPGRADING to +0 plate armour.
 12915 | D:3      | 12915 ||| UPGRADING to +0 plate armour.
 12926 | D:3      | 12926 ||| UPGRADING to +0 plate armour.
 12937 | D:3      | 12937 ||| UPGRADING to +0 plate armour.
 12948 | D:3      | 12948 ||| UPGRADING to +0 plate armour.
 12959 | D:3      | 12959 ||| UPGRADING to +0 plate armour.
 12970 | D:3      | 12970 ||| UPGRADING to +0 plate armour.
 12981 | D:3      | 12981 ||| UPGRADING to +0 plate armour.
 12992 | D:3      | 12992 ||| UPGRADING to +0 plate armour.
 13003 | D:3      | 13003 ||| UPGRADING to +0 plate armour.
 13014 | D:3      | 13014 ||| UPGRADING to +0 plate armour.
 13025 | D:3      | 13025 ||| UPGRADING to +0 plate armour.
 13036 | D:3      | 13036 ||| UPGRADING to +0 plate armour.
 13047 | D:3      | 13047 ||| UPGRADING to +0 plate armour.
 13058 | D:3      | 13058 ||| UPGRADING to +0 plate armour.
 13069 | D:3      | 13069 ||| UPGRADING to +0 plate armour.
 13080 | D:3      | 13080 ||| UPGRADING to +0 plate armour.
 13091 | D:3      | 13091 ||| UPGRADING to +0 plate armour.
 13102 | D:3      | 13102 ||| UPGRADING to +0 plate armour.
 13114 | D:3      | 13114 ||| UPGRADING to +0 plate armour.
 13125 | D:3      | 13125 ||| UPGRADING to +0 plate armour.
 13136 | D:3      | 13136 ||| UPGRADING to +0 plate armour.
 13147 | D:3      | 13147 ||| UPGRADING to +0 plate armour.
 13158 | D:3      | 13158 ||| UPGRADING to +0 plate armour.
 13169 | D:3      | 13169 ||| UPGRADING to +0 plate armour.
 13180 | D:3      | 13180 ||| UPGRADING to +0 plate armour.
 13192 | D:3      | 13192 ||| UPGRADING to +0 plate armour.
 13203 | D:3      | 13203 ||| UPGRADING to +0 plate armour.
 13214 | D:3      | 13214 ||| UPGRADING to +0 plate armour.
 13225 | D:3      | 13225 ||| UPGRADING to +0 plate armour.
 13236 | D:3      | 13236 ||| UPGRADING to +0 plate armour.
 13247 | D:3      | 13247 ||| UPGRADING to +0 plate armour.
 13258 | D:3      | 13258 ||| UPGRADING to +0 plate armour.
 13269 | D:3      | 13269 ||| UPGRADING to +0 plate armour.
 13280 | D:3      | 13280 ||| UPGRADING to +0 plate armour.
 13291 | D:3      | 13291 ||| UPGRADING to +0 plate armour.
 13302 | D:3      | 13302 ||| UPGRADING to +0 plate armour.
 13313 | D:3      | 13313 ||| UPGRADING to +0 plate armour.
 13325 | D:3      | 13325 ||| UPGRADING to +0 plate armour.
 13336 | D:3      | 13336 ||| UPGRADING to +0 plate armour.
 13347 | D:3      | 13347 ||| UPGRADING to +0 plate armour.
 13358 | D:3      | 13358 ||| UPGRADING to +0 plate armour.
 13369 | D:3      | 13369 ||| UPGRADING to +0 plate armour.
 13380 | D:3      | 13380 ||| UPGRADING to +0 plate armour.
 13391 | D:3      | 13391 ||| UPGRADING to +0 plate armour.
 13402 | D:3      | 13402 ||| UPGRADING to +0 plate armour.
 13413 | D:3      | 13413 ||| UPGRADING to +0 plate armour.
 13424 | D:3      | 13424 ||| UPGRADING to +0 plate armour.
 13435 | D:3      | 13435 ||| UPGRADING to +0 plate armour.
 13446 | D:3      | 13446 ||| UPGRADING to +0 plate armour.
 13458 | D:3      | 13458 ||| UPGRADING to +0 plate armour.
 13469 | D:3      | 13469 ||| UPGRADING to +0 plate armour.
 13480 | D:3      | 13480 ||| UPGRADING to +0 plate armour.
 13491 | D:3      | 13491 ||| UPGRADING to +0 plate armour.
 13502 | D:3      | 13502 ||| UPGRADING to +0 plate armour.
 13513 | D:3      | 13513 ||| UPGRADING to +0 plate armour.
 13524 | D:3      | 13524 ||| UPGRADING to +0 plate armour.
 13535 | D:3      | 13535 ||| UPGRADING to +0 plate armour.
 13546 | D:3      | 13546 ||| UPGRADING to +0 plate armour.
 13557 | D:3      | 13557 ||| UPGRADING to +0 plate armour.
 13568 | D:3      | 13568 ||| UPGRADING to +0 plate armour.
 13579 | D:3      | 13579 ||| UPGRADING to +0 plate armour.
 13590 | D:3      | 13590 ||| UPGRADING to +0 plate armour.
 13601 | D:3      | 13601 ||| UPGRADING to +0 plate armour.
 13612 | D:3      | 13612 ||| UPGRADING to +0 plate armour.
 13623 | D:3      | 13623 ||| UPGRADING to +0 plate armour.
 13634 | D:3      | 13634 ||| UPGRADING to +0 plate armour.
 13645 | D:3      | 13645 ||| UPGRADING to +0 plate armour.
 13656 | D:3      | 13656 ||| UPGRADING to +0 plate armour.
 13668 | D:3      | 13668 ||| UPGRADING to +0 plate armour.
 13679 | D:3      | 13679 ||| UPGRADING to +0 plate armour.
 13690 | D:3      | 13690 ||| UPGRADING to +0 plate armour.
 13701 | D:3      | 13701 ||| UPGRADING to +0 plate armour.
 13712 | D:3      | 13712 ||| UPGRADING to +0 plate armour.
 13723 | D:3      | 13723 ||| UPGRADING to +0 plate armour.
 13734 | D:3      | 13734 ||| UPGRADING to +0 plate armour.
 13745 | D:3      | 13745 ||| UPGRADING to +0 plate armour.
 13756 | D:3      | 13756 ||| UPGRADING to +0 plate armour.
 13767 | D:3      | 13767 ||| UPGRADING to +0 plate armour.
 13778 | D:3      | 13778 ||| UPGRADING to +0 plate armour.
 13789 | D:3      | 13789 ||| UPGRADING to +0 plate armour.
 13800 | D:3      | 13800 ||| UPGRADING to +0 plate armour.
 13811 | D:3      | 13811 ||| UPGRADING to +0 plate armour.
 13822 | D:3      | 13822 ||| UPGRADING to +0 plate armour.
 13833 | D:3      | 13833 ||| UPGRADING to +0 plate armour.
 13844 | D:3      | 13844 ||| UPGRADING to +0 plate armour.
 13855 | D:3      | 13855 ||| UPGRADING to +0 plate armour.
 13866 | D:3      | 13866 ||| UPGRADING to +0 plate armour.
 13877 | D:3      | 13877 ||| UPGRADING to +0 plate armour.
 13888 | D:3      | 13888 ||| UPGRADING to +0 plate armour.
 13899 | D:3      | 13899 ||| UPGRADING to +0 plate armour.
 13910 | D:3      | 13910 ||| UPGRADING to +0 plate armour.
 13921 | D:3      | 13921 ||| UPGRADING to +0 plate armour.
 13932 | D:3      | 13932 ||| UPGRADING to +0 plate armour.
 13943 | D:3      | 13943 ||| UPGRADING to +0 plate armour.
 13955 | D:3      | 13955 ||| UPGRADING to +0 plate armour.
 13966 | D:3      | 13966 ||| UPGRADING to +0 plate armour.
 13977 | D:3      | 13977 ||| UPGRADING to +0 plate armour.
 13988 | D:3      | 13988 ||| UPGRADING to +0 plate armour.
 13999 | D:3      | 13999 ||| UPGRADING to +0 plate armour.
 14010 | D:3      | 14010 ||| UPGRADING to +0 plate armour.
 14021 | D:3      | 14021 ||| UPGRADING to +0 plate armour.
 14032 | D:3      | 14032 ||| UPGRADING to +0 plate armour.
 14043 | D:3      | 14043 ||| UPGRADING to +0 plate armour.
 14054 | D:3      | 14054 ||| UPGRADING to +0 plate armour.
 14065 | D:3      | 14065 ||| UPGRADING to +0 plate armour.
 14076 | D:3      | 14076 ||| UPGRADING to +0 plate armour.
 14087 | D:3      | 14087 ||| UPGRADING to +0 plate armour.
 14098 | D:3      | 14098 ||| UPGRADING to +0 plate armour.
 14109 | D:3      | 14109 ||| UPGRADING to +0 plate armour.
 14120 | D:3      | 14120 ||| UPGRADING to +0 plate armour.
 14131 | D:3      | 14131 ||| UPGRADING to +0 plate armour.
 14142 | D:3      | 14142 ||| UPGRADING to +0 plate armour.
 14153 | D:3      | 14153 ||| UPGRADING to +0 plate armour.
 14164 | D:3      | 14164 ||| UPGRADING to +0 plate armour.
 14175 | D:3      | 14175 ||| UPGRADING to +0 plate armour.
 14186 | D:3      | 14186 ||| UPGRADING to +0 plate armour.
 14197 | D:3      | 14197 ||| UPGRADING to +0 plate armour.
 14208 | D:3      | 14208 ||| UPGRADING to +0 plate armour.
 14219 | D:3      | 14219 ||| UPGRADING to +0 plate armour.
 14230 | D:3      | 14230 ||| UPGRADING to +0 plate armour.
 14241 | D:3      | 14241 ||| UPGRADING to +0 plate armour.
 14252 | D:3      | 14252 ||| UPGRADING to +0 plate armour.
 14263 | D:3      | 14263 ||| UPGRADING to +0 plate armour.
 14274 | D:3      | 14274 ||| UPGRADING to +0 plate armour.
 14285 | D:3      | 14285 ||| UPGRADING to +0 plate armour.
 14296 | D:3      | 14296 ||| UPGRADING to +0 plate armour.
 14307 | D:3      | 14307 ||| UPGRADING to +0 plate armour.
 14318 | D:3      | 14318 ||| UPGRADING to +0 plate armour.
 14329 | D:3      | 14329 ||| UPGRADING to +0 plate armour.
 14340 | D:3      | 14340 ||| UPGRADING to +0 plate armour.
 14351 | D:3      | 14351 ||| UPGRADING to +0 plate armour.
 14362 | D:3      | 14362 ||| UPGRADING to +0 plate armour.
 14373 | D:3      | 14373 ||| UPGRADING to +0 plate armour.
 14384 | D:3      | 14384 ||| UPGRADING to +0 plate armour.
 14395 | D:3      | 14395 ||| UPGRADING to +0 plate armour.
 14406 | D:3      | 14406 ||| UPGRADING to +0 plate armour.
 14417 | D:3      | 14417 ||| UPGRADING to +0 plate armour.
 14428 | D:3      | 14428 ||| UPGRADING to +0 plate armour.
 14439 | D:3      | 14439 ||| UPGRADING to +0 plate armour.
 14450 | D:3      | 14450 ||| UPGRADING to +0 plate armour.
 14461 | D:3      | 14461 ||| UPGRADING to +0 plate armour.
 14472 | D:3      | 14472 ||| UPGRADING to +0 plate armour.
 14483 | D:3      | 14483 ||| UPGRADING to +0 plate armour.
 14494 | D:3      | 14494 ||| UPGRADING to +0 plate armour.
 14505 | D:3      | 14505 ||| UPGRADING to +0 plate armour.
 14516 | D:3      | 14516 ||| UPGRADING to +0 plate armour.
 14527 | D:3      | 14527 ||| UPGRADING to +0 plate armour.
 14538 | D:3      | 14538 ||| UPGRADING to +0 plate armour.
 14549 | D:3      | 14549 ||| UPGRADING to +0 plate armour.
 14560 | D:3      | 14560 ||| UPGRADING to +0 plate armour.
 14572 | D:3      | 14572 ||| UPGRADING to +0 plate armour.
 14583 | D:3      | 14583 ||| UPGRADING to +0 plate armour.
 14594 | D:3      | 14594 ||| UPGRADING to +0 plate armour.
 14605 | D:3      | 14605 ||| UPGRADING to +0 plate armour.
 14616 | D:3      | 14616 ||| UPGRADING to +0 plate armour.
 14627 | D:3      | 14627 ||| UPGRADING to +0 plate armour.
 14638 | D:3      | 14638 ||| UPGRADING to +0 plate armour.
 14649 | D:3      | 14649 ||| UPGRADING to +0 plate armour.
 14660 | D:3      | 14660 ||| UPGRADING to +0 plate armour.
 14672 | D:3      | 14672 ||| UPGRADING to +0 plate armour.
 14683 | D:3      | 14683 ||| UPGRADING to +0 plate armour.
 14694 | D:3      | 14694 ||| UPGRADING to +0 plate armour.
 14705 | D:3      | 14705 ||| UPGRADING to +0 plate armour.
 14716 | D:3      | 14716 ||| UPGRADING to +0 plate armour.
 14727 | D:3      | 14727 ||| UPGRADING to +0 plate armour.
 14738 | D:3      | 14738 ||| UPGRADING to +0 plate armour.
 14749 | D:3      | 14749 ||| UPGRADING to +0 plate armour.
 14760 | D:3      | 14760 ||| UPGRADING to +0 plate armour.
 14771 | D:3      | 14771 ||| UPGRADING to +0 plate armour.
 14782 | D:3      | 14782 ||| UPGRADING to +0 plate armour.
 14793 | D:3      | 14793 ||| UPGRADING to +0 plate armour.
 14804 | D:3      | 14804 ||| UPGRADING to +0 plate armour.
 14815 | D:3      | 14815 ||| UPGRADING to +0 plate armour.
 14826 | D:3      | 14826 ||| UPGRADING to +0 plate armour.
 14837 | D:3      | 14837 ||| UPGRADING to +0 plate armour.
 14849 | D:3      | 14849 ||| UPGRADING to +0 plate armour.
 14860 | D:3      | 14860 ||| UPGRADING to +0 plate armour.
 14871 | D:3      | 14871 ||| UPGRADING to +0 plate armour.
 14882 | D:3      | 14882 ||| UPGRADING to +0 plate armour.
 14893 | D:3      | 14893 ||| UPGRADING to +0 plate armour.
 14904 | D:3      | 14904 ||| UPGRADING to +0 plate armour.
 14915 | D:3      | 14915 ||| UPGRADING to +0 plate armour.
 14926 | D:3      | 14926 ||| UPGRADING to +0 plate armour.
 14937 | D:3      | 14937 ||| UPGRADING to +0 plate armour.
 14948 | D:3      | 14948 ||| UPGRADING to +0 plate armour.
 14959 | D:3      | 14959 ||| UPGRADING to +0 plate armour.
 14970 | D:3      | 14970 ||| UPGRADING to +0 plate armour.
 14981 | D:3      | 14981 ||| UPGRADING to +0 plate armour.
 14992 | D:3      | 14992 ||| UPGRADING to +0 plate armour.
 15003 | D:3      | 15003 ||| UPGRADING to +0 plate armour.
 15014 | D:3      | 15014 ||| UPGRADING to +0 plate armour.
 15025 | D:3      | 15025 ||| UPGRADING to +0 plate armour.
 15036 | D:3      | 15036 ||| UPGRADING to +0 plate armour.
 15047 | D:3      | 15047 ||| UPGRADING to +0 plate armour.
 15058 | D:3      | 15058 ||| UPGRADING to +0 plate armour.
 15069 | D:3      | 15069 ||| UPGRADING to +0 plate armour.
 15081 | D:3      | 15081 ||| UPGRADING to +0 plate armour.
 15092 | D:3      | 15092 ||| UPGRADING to +0 plate armour.
 15103 | D:3      | 15103 ||| UPGRADING to +0 plate armour.
 15114 | D:3      | 15114 ||| UPGRADING to +0 plate armour.
 15125 | D:3      | 15125 ||| UPGRADING to +0 plate armour.
 15136 | D:3      | 15136 ||| UPGRADING to +0 plate armour.
 15147 | D:3      | 15147 ||| UPGRADING to +0 plate armour.
 15158 | D:3      | 15158 ||| UPGRADING to +0 plate armour.
 15169 | D:3      | 15169 ||| UPGRADING to +0 plate armour.
 15180 | D:3      | 15180 ||| UPGRADING to +0 plate armour.
 15191 | D:3      | 15191 ||| UPGRADING to +0 plate armour.
 15202 | D:3      | 15202 ||| UPGRADING to +0 plate armour.
 15213 | D:3      | 15213 ||| UPGRADING to +0 plate armour.
 15224 | D:3      | 15224 ||| UPGRADING to +0 plate armour.
 15235 | D:3      | 15235 ||| UPGRADING to +0 plate armour.
 15246 | D:3      | 15246 ||| UPGRADING to +0 plate armour.
 15257 | D:3      | 15257 ||| UPGRADING to +0 plate armour.
 15269 | D:3      | 15269 ||| UPGRADING to +0 plate armour.
 15280 | D:3      | 15280 ||| UPGRADING to +0 plate armour.
 15291 | D:3      | 15291 ||| UPGRADING to +0 plate armour.
 15302 | D:3      | 15302 ||| UPGRADING to +0 plate armour.
 15313 | D:3      | 15313 ||| UPGRADING to +0 plate armour.
 15324 | D:3      | 15324 ||| UPGRADING to +0 plate armour.
 15335 | D:3      | 15335 ||| UPGRADING to +0 plate armour.
 15346 | D:3      | 15346 ||| UPGRADING to +0 plate armour.
 15357 | D:3      | 15357 ||| UPGRADING to +0 plate armour.
 15368 | D:3      | 15368 ||| UPGRADING to +0 plate armour.
 15379 | D:3      | 15379 ||| UPGRADING to +0 plate armour.
 15390 | D:3      | 15390 ||| UPGRADING to +0 plate armour.
 15401 | D:3      | 15401 ||| UPGRADING to +0 plate armour.
 15412 | D:3      | 15412 ||| UPGRADING to +0 plate armour.
 15424 | D:3      | 15424 ||| UPGRADING to +0 plate armour.
 15435 | D:3      | 15435 ||| UPGRADING to +0 plate armour.
 15447 | D:3      | 15447 ||| UPGRADING to +0 plate armour.
 15458 | D:3      | 15458 ||| UPGRADING to +0 plate armour.
 15469 | D:3      | 15469 ||| UPGRADING to +0 plate armour.
 15480 | D:3      | 15480 ||| UPGRADING to +0 plate armour.
 15491 | D:3      | 15491 ||| UPGRADING to +0 plate armour.
 15502 | D:3      | 15502 ||| UPGRADING to +0 plate armour.
 15513 | D:3      | 15513 ||| UPGRADING to +0 plate armour.
 15524 | D:3      | 15524 ||| UPGRADING to +0 plate armour.
 15535 | D:3      | 15535 ||| UPGRADING to +0 plate armour.
 15546 | D:3      | 15546 ||| UPGRADING to +0 plate armour.
 15557 | D:3      | 15557 ||| UPGRADING to +0 plate armour.
 15568 | D:3      | 15568 ||| UPGRADING to +0 plate armour.
 15579 | D:3      | 15579 ||| UPGRADING to +0 plate armour.
 15590 | D:3      | 15590 ||| UPGRADING to +0 plate armour.
 15601 | D:3      | 15601 ||| UPGRADING to +0 plate armour.
 15612 | D:3      | 15612 ||| UPGRADING to +0 plate armour.
 15623 | D:3      | 15623 ||| UPGRADING to +0 plate armour.
 15634 | D:3      | 15634 ||| UPGRADING to +0 plate armour.
 15645 | D:3      | 15645 ||| UPGRADING to +0 plate armour.
 15656 | D:3      | 15656 ||| UPGRADING to +0 plate armour.
 15667 | D:3      | 15667 ||| UPGRADING to +0 plate armour.
 15678 | D:3      | 15678 ||| UPGRADING to +0 plate armour.
 15689 | D:3      | 15689 ||| UPGRADING to +0 plate armour.
 15700 | D:3      | 15700 ||| UPGRADING to +0 plate armour.
 15711 | D:3      | 15711 ||| UPGRADING to +0 plate armour.
 15722 | D:3      | 15722 ||| UPGRADING to +0 plate armour.
 15733 | D:3      | 15733 ||| UPGRADING to +0 plate armour.
 15744 | D:3      | 15744 ||| UPGRADING to +0 plate armour.
 15755 | D:3      | 15755 ||| UPGRADING to +0 plate armour.
 15766 | D:3      | 15766 ||| UPGRADING to +0 plate armour.
 15777 | D:3      | 15777 ||| UPGRADING to +0 plate armour.
 15788 | D:3      | 15788 ||| UPGRADING to +0 plate armour.
 15799 | D:3      | 15799 ||| UPGRADING to +0 plate armour.
 15810 | D:3      | 15810 ||| UPGRADING to +0 plate armour.
 15821 | D:3      | 15821 ||| UPGRADING to +0 plate armour.
 15832 | D:3      | 15832 ||| UPGRADING to +0 plate armour.
 15843 | D:3      | 15843 ||| UPGRADING to +0 plate armour.
 15854 | D:3      | 15854 ||| UPGRADING to +0 plate armour.
 15866 | D:3      | 15866 ||| UPGRADING to +0 plate armour.
 15877 | D:3      | 15877 ||| UPGRADING to +0 plate armour.
 15888 | D:3      | 15888 ||| UPGRADING to +0 plate armour.
 15899 | D:3      | 15899 ||| UPGRADING to +0 plate armour.
 15910 | D:3      | 15910 ||| UPGRADING to +0 plate armour.
 15921 | D:3      | 15921 ||| UPGRADING to +0 plate armour.
 15932 | D:3      | 15932 ||| UPGRADING to +0 plate armour.
 15943 | D:3      | 15943 ||| UPGRADING to +0 plate armour.
 15954 | D:3      | 15954 ||| UPGRADING to +0 plate armour.
 15965 | D:3      | 15965 ||| UPGRADING to +0 plate armour.
 15976 | D:3      | 15976 ||| UPGRADING to +0 plate armour.
 15987 | D:3      | 15987 ||| UPGRADING to +0 plate armour.
 15998 | D:3      | 15998 ||| UPGRADING to +0 plate armour.
 16009 | D:3      | 16009 ||| UPGRADING to +0 plate armour.
 16020 | D:3      | 16020 ||| UPGRADING to +0 plate armour.
 16031 | D:3      | 16031 ||| UPGRADING to +0 plate armour.
 16042 | D:3      | 16042 ||| UPGRADING to +0 plate armour.
 16053 | D:3      | 16053 ||| UPGRADING to +0 plate armour.
 16064 | D:3      | 16064 ||| UPGRADING to +0 plate armour.
 16075 | D:3      | 16075 ||| UPGRADING to +0 plate armour.
 16086 | D:3      | 16086 ||| UPGRADING to +0 plate armour.
 16097 | D:3      | 16097 ||| UPGRADING to +0 plate armour.
 16108 | D:3      | 16108 ||| UPGRADING to +0 plate armour.
 16119 | D:3      | 16119 ||| UPGRADING to +0 plate armour.
 16130 | D:3      | 16130 ||| UPGRADING to +0 plate armour.
 16141 | D:3      | 16141 ||| UPGRADING to +0 plate armour.
 16152 | D:3      | 16152 ||| UPGRADING to +0 plate armour.
 16163 | D:3      | 16163 ||| UPGRADING to +0 plate armour.
 16174 | D:3      | 16174 ||| UPGRADING to +0 plate armour.
 16185 | D:3      | 16185 ||| UPGRADING to +0 plate armour.
 16196 | D:3      | 16196 ||| UPGRADING to +0 plate armour.
 16207 | D:3      | 16207 ||| UPGRADING to +0 plate armour.
 16218 | D:3      | 16218 ||| UPGRADING to +0 plate armour.
 16229 | D:3      | 16229 ||| UPGRADING to +0 plate armour.
 16240 | D:3      | 16240 ||| UPGRADING to +0 plate armour.
 16251 | D:3      | 16251 ||| UPGRADING to +0 plate armour.
 16262 | D:3      | 16262 ||| UPGRADING to +0 plate armour.
 16273 | D:3      | 16273 ||| UPGRADING to +0 plate armour.
 16284 | D:3      | 16284 ||| UPGRADING to +0 plate armour.
 16295 | D:3      | 16295 ||| UPGRADING to +0 plate armour.
 16306 | D:3      | 16306 ||| UPGRADING to +0 plate armour.
 16317 | D:3      | 16317 ||| UPGRADING to +0 plate armour.
 16328 | D:3      | 16328 ||| UPGRADING to +0 plate armour.
 16339 | D:3      | 16339 ||| UPGRADING to +0 plate armour.
 16350 | D:3      | 16350 ||| UPGRADING to +0 plate armour.
 16361 | D:3      | 16361 ||| UPGRADING to +0 plate armour.
 16372 | D:3      | 16372 ||| UPGRADING to +0 plate armour.
 16383 | D:3      | 16383 ||| UPGRADING to +0 plate armour.
 16394 | D:3      | 16394 ||| UPGRADING to +0 plate armour.
 16405 | D:3      | 16405 ||| UPGRADING to +0 plate armour.
 16416 | D:3      | 16416 ||| UPGRADING to +0 plate armour.
 16427 | D:3      | 16427 ||| UPGRADING to +0 plate armour.
 16438 | D:3      | 16438 ||| UPGRADING to +0 plate armour.
 16449 | D:3      | 16449 ||| UPGRADING to +0 plate armour.
 16460 | D:3      | 16460 ||| UPGRADING to +0 plate armour.
 16472 | D:3      | 16472 ||| UPGRADING to +0 plate armour.
 16484 | D:3      | 16484 ||| UPGRADING to +0 plate armour.
 16495 | D:3      | 16495 ||| UPGRADING to +0 plate armour.
 16507 | D:3      | 16507 ||| UPGRADING to +0 plate armour.
 16518 | D:3      | 16518 ||| UPGRADING to +0 plate armour.
 16529 | D:3      | 16529 ||| UPGRADING to +0 plate armour.
 16540 | D:3      | 16540 ||| UPGRADING to +0 plate armour.
 16551 | D:3      | 16551 ||| UPGRADING to +0 plate armour.
 16562 | D:3      | 16562 ||| UPGRADING to +0 plate armour.
 16573 | D:3      | 16573 ||| UPGRADING to +0 plate armour.
 16584 | D:3      | 16584 ||| UPGRADING to +0 plate armour.
 16595 | D:3      | 16595 ||| UPGRADING to +0 plate armour.
 16607 | D:3      | 16607 ||| UPGRADING to +0 plate armour.
 16618 | D:3      | 16618 ||| UPGRADING to +0 plate armour.
 16629 | D:3      | 16629 ||| UPGRADING to +0 plate armour.
 16640 | D:3      | 16640 ||| UPGRADING to +0 plate armour.
 16651 | D:3      | 16651 ||| UPGRADING to +0 plate armour.
 16662 | D:3      | 16662 ||| UPGRADING to +0 plate armour.
 16673 | D:3      | 16673 ||| UPGRADING to +0 plate armour.
 16684 | D:3      | 16684 ||| UPGRADING to +0 plate armour.
 16695 | D:3      | 16695 ||| UPGRADING to +0 plate armour.
 16706 | D:3      | 16706 ||| UPGRADING to +0 plate armour.
 16717 | D:3      | 16717 ||| UPGRADING to +0 plate armour.
 16728 | D:3      | 16728 ||| UPGRADING to +0 plate armour.
 16739 | D:3      | 16739 ||| UPGRADING to +0 plate armour.
 16750 | D:3      | 16750 ||| UPGRADING to +0 plate armour.
 16761 | D:3      | 16761 ||| UPGRADING to +0 plate armour.
 16772 | D:3      | 16772 ||| UPGRADING to +0 plate armour.
 16783 | D:3      | 16783 ||| UPGRADING to +0 plate armour.
 16794 | D:3      | 16794 ||| UPGRADING to +0 plate armour.
 16805 | D:3      | 16805 ||| UPGRADING to +0 plate armour.
 16816 | D:3      | 16816 ||| UPGRADING to +0 plate armour.
 16827 | D:3      | 16827 ||| UPGRADING to +0 plate armour.
 16838 | D:3      | 16838 ||| UPGRADING to +0 plate armour.
 16849 | D:3      | 16849 ||| UPGRADING to +0 plate armour.
 16860 | D:3      | 16860 ||| UPGRADING to +0 plate armour.
 16871 | D:3      | 16871 ||| UPGRADING to +0 plate armour.
 16882 | D:3      | 16882 ||| UPGRADING to +0 plate armour.
 16893 | D:3      | 16893 ||| UPGRADING to +0 plate armour.
 16904 | D:3      | 16904 ||| UPGRADING to +0 plate armour.
 16915 | D:3      | 16915 ||| UPGRADING to +0 plate armour.
 16927 | D:3      | 16927 ||| UPGRADING to +0 plate armour.
 16927 | D:3      | Glimpsed the power of Zot.
 16938 | D:3      | 16938 ||| UPGRADING to +0 plate armour.
 16949 | D:3      | 16949 ||| UPGRADING to +0 plate armour.
 16960 | D:3      | 16960 ||| UPGRADING to +0 plate armour.
 16971 | D:3      | 16971 ||| UPGRADING to +0 plate armour.
 16982 | D:3      | 16982 ||| UPGRADING to +0 plate armour.
 16993 | D:3      | 16993 ||| UPGRADING to +0 plate armour.
 17004 | D:3      | 17004 ||| UPGRADING to +0 plate armour.
 17015 | D:3      | 17015 ||| UPGRADING to +0 plate armour.
 17026 | D:3      | 17026 ||| UPGRADING to +0 plate armour.
 17037 | D:3      | 17037 ||| UPGRADING to +0 plate armour.
 17048 | D:3      | 17048 ||| UPGRADING to +0 plate armour.
 17059 | D:3      | 17059 ||| UPGRADING to +0 plate armour.
 17070 | D:3      | 17070 ||| UPGRADING to +0 plate armour.
 17081 | D:3      | 17081 ||| UPGRADING to +0 plate armour.
 17092 | D:3      | 17092 ||| UPGRADING to +0 plate armour.
 17103 | D:3      | 17103 ||| UPGRADING to +0 plate armour.
 17114 | D:3      | 17114 ||| UPGRADING to +0 plate armour.
 17125 | D:3      | 17125 ||| UPGRADING to +0 plate armour.
 17136 | D:3      | 17136 ||| UPGRADING to +0 plate armour.
 17147 | D:3      | 17147 ||| UPGRADING to +0 plate armour.
 17158 | D:3      | 17158 ||| UPGRADING to +0 plate armour.
 17169 | D:3      | 17169 ||| UPGRADING to +0 plate armour.
 17180 | D:3      | 17180 ||| UPGRADING to +0 plate armour.
 17191 | D:3      | 17191 ||| UPGRADING to +0 plate armour.
 17202 | D:3      | 17202 ||| UPGRADING to +0 plate armour.
 17213 | D:3      | 17213 ||| UPGRADING to +0 plate armour.
 17224 | D:3      | 17224 ||| UPGRADING to +0 plate armour.
 17235 | D:3      | 17235 ||| UPGRADING to +0 plate armour.
 17246 | D:3      | 17246 ||| UPGRADING to +0 plate armour.
 17257 | D:3      | 17257 ||| UPGRADING to +0 plate armour.
 17268 | D:3      | 17268 ||| UPGRADING to +0 plate armour.
 17279 | D:3      | 17279 ||| UPGRADING to +0 plate armour.
 17290 | D:3      | 17290 ||| UPGRADING to +0 plate armour.
 17301 | D:3      | 17301 ||| UPGRADING to +0 plate armour.
 17312 | D:3      | 17312 ||| UPGRADING to +0 plate armour.
 17323 | D:3      | 17323 ||| UPGRADING to +0 plate armour.
 17334 | D:3      | 17334 ||| UPGRADING to +0 plate armour.
 17345 | D:3      | 17345 ||| UPGRADING to +0 plate armour.
 17356 | D:3      | 17356 ||| UPGRADING to +0 plate armour.
 17367 | D:3      | 17367 ||| UPGRADING to +0 plate armour.
 17378 | D:3      | 17378 ||| UPGRADING to +0 plate armour.
 17389 | D:3      | 17389 ||| UPGRADING to +0 plate armour.
 17400 | D:3      | 17400 ||| UPGRADING to +0 plate armour.
 17411 | D:3      | 17411 ||| UPGRADING to +0 plate armour.
 17422 | D:3      | 17422 ||| UPGRADING to +0 plate armour.
 17427 | D:3      | Glimpsed the power of Zot.
 17433 | D:3      | 17433 ||| UPGRADING to +0 plate armour.
 17444 | D:3      | 17444 ||| UPGRADING to +0 plate armour.
 17455 | D:3      | 17455 ||| UPGRADING to +0 plate armour.
 17466 | D:3      | 17466 ||| UPGRADING to +0 plate armour.
 17477 | D:3      | 17477 ||| UPGRADING to +0 plate armour.
 17488 | D:3      | 17488 ||| UPGRADING to +0 plate armour.
 17499 | D:3      | 17499 ||| UPGRADING to +0 plate armour.
 17510 | D:3      | 17510 ||| UPGRADING to +0 plate armour.
 17521 | D:3      | 17521 ||| UPGRADING to +0 plate armour.
 17532 | D:3      | 17532 ||| UPGRADING to +0 plate armour.
 17543 | D:3      | 17543 ||| UPGRADING to +0 plate armour.
 17554 | D:3      | 17554 ||| UPGRADING to +0 plate armour.
 17565 | D:3      | 17565 ||| UPGRADING to +0 plate armour.
 17576 | D:3      | 17576 ||| UPGRADING to +0 plate armour.
 17587 | D:3      | 17587 ||| UPGRADING to +0 plate armour.
 17598 | D:3      | 17598 ||| UPGRADING to +0 plate armour.
 17609 | D:3      | 17609 ||| UPGRADING to +0 plate armour.
 17620 | D:3      | 17620 ||| UPGRADING to +0 plate armour.
 17632 | D:3      | 17632 ||| UPGRADING to +0 plate armour.
 17643 | D:3      | 17643 ||| UPGRADING to +0 plate armour.
 17654 | D:3      | 17654 ||| UPGRADING to +0 plate armour.
 17665 | D:3      | 17665 ||| UPGRADING to +0 plate armour.
 17676 | D:3      | 17676 ||| UPGRADING to +0 plate armour.
 17687 | D:3      | 17687 ||| UPGRADING to +0 plate armour.
 17698 | D:3      | 17698 ||| UPGRADING to +0 plate armour.
 17709 | D:3      | 17709 ||| UPGRADING to +0 plate armour.
 17720 | D:3      | 17720 ||| UPGRADING to +0 plate armour.
 17731 | D:3      | 17731 ||| UPGRADING to +0 plate armour.
 17742 | D:3      | 17742 ||| UPGRADING to +0 plate armour.
 17753 | D:3      | 17753 ||| UPGRADING to +0 plate armour.
 17764 | D:3      | 17764 ||| UPGRADING to +0 plate armour.
 17775 | D:3      | 17775 ||| UPGRADING to +0 plate armour.
 17786 | D:3      | 17786 ||| UPGRADING to +0 plate armour.
 17797 | D:3      | 17797 ||| UPGRADING to +0 plate armour.
 17808 | D:3      | 17808 ||| UPGRADING to +0 plate armour.
 17819 | D:3      | 17819 ||| UPGRADING to +0 plate armour.
 17827 | D:3      | Glimpsed the power of Zot.
 17830 | D:3      | 17830 ||| UPGRADING to +0 plate armour.
 17841 | D:3      | 17841 ||| UPGRADING to +0 plate armour.
 17852 | D:3      | 17852 ||| UPGRADING to +0 plate armour.
 17863 | D:3      | 17863 ||| UPGRADING to +0 plate armour.
 17874 | D:3      | 17874 ||| UPGRADING to +0 plate armour.
 17885 | D:3      | 17885 ||| UPGRADING to +0 plate armour.
 17896 | D:3      | 17896 ||| UPGRADING to +0 plate armour.
 17907 | D:3      | 17907 ||| UPGRADING to +0 plate armour.
 17918 | D:3      | 17918 ||| UPGRADING to +0 plate armour.
 17927 | D:3      | Touched by the power of Zot.
 17928 | D:3      | Glimpsed the power of Zot.
 17929 | D:3      | 17929 ||| UPGRADING to +0 plate armour.
 17940 | D:3      | 17940 ||| UPGRADING to +0 plate armour.
 17951 | D:3      | 17951 ||| UPGRADING to +0 plate armour.
 17962 | D:3      | 17962 ||| UPGRADING to +0 plate armour.
 17973 | D:3      | 17973 ||| UPGRADING to +0 plate armour.
 17984 | D:3      | 17984 ||| UPGRADING to +0 plate armour.
 17995 | D:3      | 17995 ||| UPGRADING to +0 plate armour.
 18007 | D:3      | 18007 ||| UPGRADING to +0 plate armour.
 18018 | D:3      | 18018 ||| UPGRADING to +0 plate armour.
 18029 | D:3      | 18029 ||| UPGRADING to +0 plate armour.
 18040 | D:3      | 18040 ||| UPGRADING to +0 plate armour.
 18051 | D:3      | 18051 ||| UPGRADING to +0 plate armour.
 18062 | D:3      | 18062 ||| UPGRADING to +0 plate armour.
 18073 | D:3      | 18073 ||| UPGRADING to +0 plate armour.
 18084 | D:3      | 18084 ||| UPGRADING to +0 plate armour.
 18095 | D:3      | 18095 ||| UPGRADING to +0 plate armour.
 18106 | D:3      | 18106 ||| UPGRADING to +0 plate armour.
 18117 | D:3      | 18117 ||| UPGRADING to +0 plate armour.
 18128 | D:3      | 18128 ||| UPGRADING to +0 plate armour.
 18139 | D:3      | 18139 ||| UPGRADING to +0 plate armour.
 18150 | D:3      | 18150 ||| UPGRADING to +0 plate armour.
 18161 | D:3      | 18161 ||| UPGRADING to +0 plate armour.
 18172 | D:3      | 18172 ||| UPGRADING to +0 plate armour.
 18183 | D:3      | 18183 ||| UPGRADING to +0 plate armour.
 18194 | D:3      | 18194 ||| UPGRADING to +0 plate armour.
 18205 | D:3      | 18205 ||| UPGRADING to +0 plate armour.
 18216 | D:3      | 18216 ||| UPGRADING to +0 plate armour.
 18227 | D:3      | 18227 ||| UPGRADING to +0 plate armour.
 18238 | D:3      | 18238 ||| UPGRADING to +0 plate armour.
 18249 | D:3      | 18249 ||| UPGRADING to +0 plate armour.
 18260 | D:3      | 18260 ||| UPGRADING to +0 plate armour.
 18271 | D:3      | 18271 ||| UPGRADING to +0 plate armour.
 18282 | D:3      | 18282 ||| UPGRADING to +0 plate armour.
 18293 | D:3      | 18293 ||| UPGRADING to +0 plate armour.
 18304 | D:3      | 18304 ||| UPGRADING to +0 plate armour.
 18315 | D:3      | 18315 ||| UPGRADING to +0 plate armour.
 18326 | D:3      | 18326 ||| UPGRADING to +0 plate armour.
 18337 | D:3      | 18337 ||| UPGRADING to +0 plate armour.
 18348 | D:3      | 18348 ||| UPGRADING to +0 plate armour.
 18359 | D:3      | 18359 ||| UPGRADING to +0 plate armour.
 18370 | D:3      | 18370 ||| UPGRADING to +0 plate armour.
 18382 | D:3      | 18382 ||| UPGRADING to +0 plate armour.
 18393 | D:3      | 18393 ||| UPGRADING to +0 plate armour.
 18404 | D:3      | 18404 ||| UPGRADING to +0 plate armour.
 18415 | D:3      | 18415 ||| UPGRADING to +0 plate armour.
 18426 | D:3      | 18426 ||| UPGRADING to +0 plate armour.
 18428 | D:3      | Glimpsed the power of Zot.
 18437 | D:3      | 18437 ||| UPGRADING to +0 plate armour.
 18448 | D:3      | 18448 ||| UPGRADING to +0 plate armour.
 18459 | D:3      | 18459 ||| UPGRADING to +0 plate armour.
 18470 | D:3      | 18470 ||| UPGRADING to +0 plate armour.
 18481 | D:3      | 18481 ||| UPGRADING to +0 plate armour.
 18492 | D:3      | 18492 ||| UPGRADING to +0 plate armour.
 18503 | D:3      | 18503 ||| UPGRADING to +0 plate armour.
 18514 | D:3      | 18514 ||| UPGRADING to +0 plate armour.
 18525 | D:3      | 18525 ||| UPGRADING to +0 plate armour.
 18536 | D:3      | 18536 ||| UPGRADING to +0 plate armour.
 18547 | D:3      | 18547 ||| UPGRADING to +0 plate armour.
 18558 | D:3      | 18558 ||| UPGRADING to +0 plate armour.
 18569 | D:3      | 18569 ||| UPGRADING to +0 plate armour.
 18580 | D:3      | 18580 ||| UPGRADING to +0 plate armour.
 18591 | D:3      | 18591 ||| UPGRADING to +0 plate armour.
 18602 | D:3      | 18602 ||| UPGRADING to +0 plate armour.
 18613 | D:3      | 18613 ||| UPGRADING to +0 plate armour.
 18624 | D:3      | 18624 ||| UPGRADING to +0 plate armour.
 18635 | D:3      | 18635 ||| UPGRADING to +0 plate armour.
 18646 | D:3      | 18646 ||| UPGRADING to +0 plate armour.
 18657 | D:3      | 18657 ||| UPGRADING to +0 plate armour.
 18668 | D:3      | 18668 ||| UPGRADING to +0 plate armour.
 18679 | D:3      | 18679 ||| UPGRADING to +0 plate armour.
 18690 | D:3      | 18690 ||| UPGRADING to +0 plate armour.
 18701 | D:3      | 18701 ||| UPGRADING to +0 plate armour.
 18712 | D:3      | 18712 ||| UPGRADING to +0 plate armour.
 18724 | D:3      | 18724 ||| UPGRADING to +0 plate armour.
 18735 | D:3      | 18735 ||| UPGRADING to +0 plate armour.
 18746 | D:3      | 18746 ||| UPGRADING to +0 plate armour.
 18757 | D:3      | 18757 ||| UPGRADING to +0 plate armour.
 18768 | D:3      | 18768 ||| UPGRADING to +0 plate armour.
 18779 | D:3      | 18779 ||| UPGRADING to +0 plate armour.
 18790 | D:3      | 18790 ||| UPGRADING to +0 plate armour.
 18801 | D:3      | 18801 ||| UPGRADING to +0 plate armour.
 18812 | D:3      | 18812 ||| UPGRADING to +0 plate armour.
 18823 | D:3      | 18823 ||| UPGRADING to +0 plate armour.
 18828 | D:3      | Glimpsed the power of Zot.
 18834 | D:3      | 18834 ||| UPGRADING to +0 plate armour.
 18845 | D:3      | 18845 ||| UPGRADING to +0 plate armour.
 18856 | D:3      | 18856 ||| UPGRADING to +0 plate armour.
 18867 | D:3      | 18867 ||| UPGRADING to +0 plate armour.
 18878 | D:3      | 18878 ||| UPGRADING to +0 plate armour.
 18889 | D:3      | 18889 ||| UPGRADING to +0 plate armour.
 18900 | D:3      | 18900 ||| UPGRADING to +0 plate armour.
 18911 | D:3      | 18911 ||| UPGRADING to +0 plate armour.
 18922 | D:3      | 18922 ||| UPGRADING to +0 plate armour.
 18927 | D:3      | Touched by the power of Zot.
 18928 | D:3      | Glimpsed the power of Zot.
 18933 | D:3      | 18933 ||| UPGRADING to +0 plate armour.
 18944 | D:3      | 18944 ||| UPGRADING to +0 plate armour.
 18955 | D:3      | 18955 ||| UPGRADING to +0 plate armour.
 18966 | D:3      | 18966 ||| UPGRADING to +0 plate armour.
 18977 | D:3      | 18977 ||| UPGRADING to +0 plate armour.
 18988 | D:3      | 18988 ||| UPGRADING to +0 plate armour.
 18999 | D:3      | 18999 ||| UPGRADING to +0 plate armour.
 19010 | D:3      | 19010 ||| UPGRADING to +0 plate armour.
 19021 | D:3      | 19021 ||| UPGRADING to +0 plate armour.
 19032 | D:3      | 19032 ||| UPGRADING to +0 plate armour.
 19043 | D:3      | 19043 ||| UPGRADING to +0 plate armour.
 19054 | D:3      | 19054 ||| UPGRADING to +0 plate armour.
 19065 | D:3      | 19065 ||| UPGRADING to +0 plate armour.
 19077 | D:3      | 19077 ||| UPGRADING to +0 plate armour.
 19088 | D:3      | 19088 ||| UPGRADING to +0 plate armour.
 19099 | D:3      | 19099 ||| UPGRADING to +0 plate armour.
 19110 | D:3      | 19110 ||| UPGRADING to +0 plate armour.
 19121 | D:3      | 19121 ||| UPGRADING to +0 plate armour.
 19132 | D:3      | 19132 ||| UPGRADING to +0 plate armour.
 19143 | D:3      | 19143 ||| UPGRADING to +0 plate armour.
 19154 | D:3      | 19154 ||| UPGRADING to +0 plate armour.
 19165 | D:3      | 19165 ||| UPGRADING to +0 plate armour.
 19176 | D:3      | 19176 ||| UPGRADING to +0 plate armour.
 19187 | D:3      | 19187 ||| UPGRADING to +0 plate armour.
 19198 | D:3      | 19198 ||| UPGRADING to +0 plate armour.
 19209 | D:3      | 19209 ||| UPGRADING to +0 plate armour.
 19220 | D:3      | 19220 ||| UPGRADING to +0 plate armour.
 19231 | D:3      | 19231 ||| UPGRADING to +0 plate armour.
 19242 | D:3      | 19242 ||| UPGRADING to +0 plate armour.
 19253 | D:3      | 19253 ||| UPGRADING to +0 plate armour.
 19264 | D:3      | 19264 ||| UPGRADING to +0 plate armour.
 19275 | D:3      | 19275 ||| UPGRADING to +0 plate armour.
 19287 | D:3      | 19287 ||| UPGRADING to +0 plate armour.
 19298 | D:3      | 19298 ||| UPGRADING to +0 plate armour.
 19309 | D:3      | 19309 ||| UPGRADING to +0 plate armour.
 19320 | D:3      | 19320 ||| UPGRADING to +0 plate armour.
 19331 | D:3      | 19331 ||| UPGRADING to +0 plate armour.
 19342 | D:3      | 19342 ||| UPGRADING to +0 plate armour.
 19353 | D:3      | 19353 ||| UPGRADING to +0 plate armour.
 19364 | D:3      | 19364 ||| UPGRADING to +0 plate armour.
 19375 | D:3      | 19375 ||| UPGRADING to +0 plate armour.
 19386 | D:3      | 19386 ||| UPGRADING to +0 plate armour.
 19397 | D:3      | 19397 ||| UPGRADING to +0 plate armour.
 19408 | D:3      | 19408 ||| UPGRADING to +0 plate armour.
 19419 | D:3      | 19419 ||| UPGRADING to +0 plate armour.
 19428 | D:3      | Glimpsed the power of Zot.
 19431 | D:3      | 19431 ||| UPGRADING to +0 plate armour.
 19442 | D:3      | 19442 ||| UPGRADING to +0 plate armour.
 19454 | D:3      | 19454 ||| UPGRADING to +0 plate armour.
 19465 | D:3      | 19465 ||| UPGRADING to +0 plate armour.
 19476 | D:3      | 19476 ||| UPGRADING to +0 plate armour.
 19487 | D:3      | 19487 ||| UPGRADING to +0 plate armour.
 19498 | D:3      | 19498 ||| UPGRADING to +0 plate armour.
 19509 | D:3      | 19509 ||| UPGRADING to +0 plate armour.
 19520 | D:3      | 19520 ||| UPGRADING to +0 plate armour.
 19531 | D:3      | 19531 ||| UPGRADING to +0 plate armour.
 19542 | D:3      | 19542 ||| UPGRADING to +0 plate armour.
 19553 | D:3      | 19553 ||| UPGRADING to +0 plate armour.
 19564 | D:3      | 19564 ||| UPGRADING to +0 plate armour.
 19575 | D:3      | 19575 ||| UPGRADING to +0 plate armour.
 19586 | D:3      | 19586 ||| UPGRADING to +0 plate armour.
 19597 | D:3      | 19597 ||| UPGRADING to +0 plate armour.
 19608 | D:3      | 19608 ||| UPGRADING to +0 plate armour.
 19619 | D:3      | 19619 ||| UPGRADING to +0 plate armour.
 19630 | D:3      | 19630 ||| UPGRADING to +0 plate armour.
 19641 | D:3      | 19641 ||| UPGRADING to +0 plate armour.
 19652 | D:3      | 19652 ||| UPGRADING to +0 plate armour.
 19663 | D:3      | 19663 ||| UPGRADING to +0 plate armour.
 19674 | D:3      | 19674 ||| UPGRADING to +0 plate armour.
 19685 | D:3      | 19685 ||| UPGRADING to +0 plate armour.
 19697 | D:3      | 19697 ||| UPGRADING to +0 plate armour.
 19708 | D:3      | 19708 ||| UPGRADING to +0 plate armour.
 19719 | D:3      | 19719 ||| UPGRADING to +0 plate armour.
 19730 | D:3      | 19730 ||| UPGRADING to +0 plate armour.
 19741 | D:3      | 19741 ||| UPGRADING to +0 plate armour.
 19752 | D:3      | 19752 ||| UPGRADING to +0 plate armour.
 19763 | D:3      | 19763 ||| UPGRADING to +0 plate armour.
 19774 | D:3      | 19774 ||| UPGRADING to +0 plate armour.
 19785 | D:3      | 19785 ||| UPGRADING to +0 plate armour.
 19796 | D:3      | 19796 ||| UPGRADING to +0 plate armour.
 19807 | D:3      | 19807 ||| UPGRADING to +0 plate armour.
 19818 | D:3      | 19818 ||| UPGRADING to +0 plate armour.
 19828 | D:3      | Glimpsed the power of Zot.
 19829 | D:3      | 19829 ||| UPGRADING to +0 plate armour.
 19840 | D:3      | 19840 ||| UPGRADING to +0 plate armour.
 19851 | D:3      | 19851 ||| UPGRADING to +0 plate armour.
 19862 | D:3      | 19862 ||| UPGRADING to +0 plate armour.
 19873 | D:3      | 19873 ||| UPGRADING to +0 plate armour.
 19884 | D:3      | 19884 ||| UPGRADING to +0 plate armour.
 19895 | D:3      | 19895 ||| UPGRADING to +0 plate armour.
 19906 | D:3      | 19906 ||| UPGRADING to +0 plate armour.
 19917 | D:3      | 19917 ||| UPGRADING to +0 plate armour.
 19927 | D:3      | Touched by the power of Zot.
 19928 | D:3      | Glimpsed the power of Zot.
 19929 | D:3      | 19929 ||| UPGRADING to +0 plate armour.
 19940 | D:3      | 19940 ||| UPGRADING to +0 plate armour.
 19951 | D:3      | 19951 ||| UPGRADING to +0 plate armour.
 19962 | D:3      | 19962 ||| UPGRADING to +0 plate armour.
 19973 | D:3      | 19973 ||| UPGRADING to +0 plate armour.
 19984 | D:3      | 19984 ||| UPGRADING to +0 plate armour.
 19995 | D:3      | 19995 ||| UPGRADING to +0 plate armour.
 20006 | D:3      | 20006 ||| UPGRADING to +0 plate armour.
 20017 | D:3      | 20017 ||| UPGRADING to +0 plate armour.
 20028 | D:3      | 20028 ||| UPGRADING to +0 plate armour.
 20039 | D:3      | 20039 ||| UPGRADING to +0 plate armour.
 20050 | D:3      | 20050 ||| UPGRADING to +0 plate armour.
 20061 | D:3      | 20061 ||| UPGRADING to +0 plate armour.
 20072 | D:3      | 20072 ||| UPGRADING to +0 plate armour.
 20083 | D:3      | 20083 ||| UPGRADING to +0 plate armour.
 20094 | D:3      | 20094 ||| UPGRADING to +0 plate armour.
 20105 | D:3      | 20105 ||| UPGRADING to +0 plate armour.
 20117 | D:3      | 20117 ||| UPGRADING to +0 plate armour.
 20128 | D:3      | 20128 ||| UPGRADING to +0 plate armour.
 20139 | D:3      | 20139 ||| UPGRADING to +0 plate armour.
 20150 | D:3      | 20150 ||| UPGRADING to +0 plate armour.
 20161 | D:3      | 20161 ||| UPGRADING to +0 plate armour.
 20172 | D:3      | 20172 ||| UPGRADING to +0 plate armour.
 20183 | D:3      | 20183 ||| UPGRADING to +0 plate armour.
 20194 | D:3      | 20194 ||| UPGRADING to +0 plate armour.
 20205 | D:3      | 20205 ||| UPGRADING to +0 plate armour.
 20216 | D:3      | 20216 ||| UPGRADING to +0 plate armour.
 20227 | D:3      | 20227 ||| UPGRADING to +0 plate armour.
 20238 | D:3      | 20238 ||| UPGRADING to +0 plate armour.
 20249 | D:3      | 20249 ||| UPGRADING to +0 plate armour.
 20260 | D:3      | 20260 ||| UPGRADING to +0 plate armour.
 20271 | D:3      | 20271 ||| UPGRADING to +0 plate armour.
 20283 | D:3      | 20283 ||| UPGRADING to +0 plate armour.
 20294 | D:3      | 20294 ||| UPGRADING to +0 plate armour.
 20305 | D:3      | 20305 ||| UPGRADING to +0 plate armour.
 20316 | D:3      | 20316 ||| UPGRADING to +0 plate armour.
 20327 | D:3      | 20327 ||| UPGRADING to +0 plate armour.
 20338 | D:3      | 20338 ||| UPGRADING to +0 plate armour.
 20349 | D:3      | 20349 ||| UPGRADING to +0 plate armour.
 20360 | D:3      | 20360 ||| UPGRADING to +0 plate armour.
 20371 | D:3      | 20371 ||| UPGRADING to +0 plate armour.
 20383 | D:3      | 20383 ||| UPGRADING to +0 plate armour.
 20394 | D:3      | 20394 ||| UPGRADING to +0 plate armour.
 20405 | D:3      | 20405 ||| UPGRADING to +0 plate armour.
 20416 | D:3      | 20416 ||| UPGRADING to +0 plate armour.
 20427 | D:3      | 20427 ||| UPGRADING to +0 plate armour.
 20428 | D:3      | Glimpsed the power of Zot.
 20438 | D:3      | 20438 ||| UPGRADING to +0 plate armour.
 20449 | D:3      | 20449 ||| UPGRADING to +0 plate armour.
 20460 | D:3      | 20460 ||| UPGRADING to +0 plate armour.
 20471 | D:3      | 20471 ||| UPGRADING to +0 plate armour.
 20482 | D:3      | 20482 ||| UPGRADING to +0 plate armour.
 20493 | D:3      | 20493 ||| UPGRADING to +0 plate armour.
 20504 | D:3      | 20504 ||| UPGRADING to +0 plate armour.
 20515 | D:3      | 20515 ||| UPGRADING to +0 plate armour.
 20526 | D:3      | 20526 ||| UPGRADING to +0 plate armour.
 20537 | D:3      | 20537 ||| UPGRADING to +0 plate armour.
 20548 | D:3      | 20548 ||| UPGRADING to +0 plate armour.
 20559 | D:3      | 20559 ||| UPGRADING to +0 plate armour.
 20570 | D:3      | 20570 ||| UPGRADING to +0 plate armour.
 20581 | D:3      | 20581 ||| UPGRADING to +0 plate armour.
 20592 | D:3      | 20592 ||| UPGRADING to +0 plate armour.
 20603 | D:3      | 20603 ||| UPGRADING to +0 plate armour.
 20614 | D:3      | 20614 ||| UPGRADING to +0 plate armour.
 20625 | D:3      | 20625 ||| UPGRADING to +0 plate armour.
 20636 | D:3      | 20636 ||| UPGRADING to +0 plate armour.
 20647 | D:3      | 20647 ||| UPGRADING to +0 plate armour.
 20658 | D:3      | 20658 ||| UPGRADING to +0 plate armour.
 20669 | D:3      | 20669 ||| UPGRADING to +0 plate armour.
 20680 | D:3      | 20680 ||| UPGRADING to +0 plate armour.
 20691 | D:3      | 20691 ||| UPGRADING to +0 plate armour.
 20703 | D:3      | 20703 ||| UPGRADING to +0 plate armour.
 20714 | D:3      | 20714 ||| UPGRADING to +0 plate armour.
 20725 | D:3      | 20725 ||| UPGRADING to +0 plate armour.
 20736 | D:3      | 20736 ||| UPGRADING to +0 plate armour.
 20748 | D:3      | 20748 ||| UPGRADING to +0 plate armour.
 20759 | D:3      | 20759 ||| UPGRADING to +0 plate armour.
 20770 | D:3      | 20770 ||| UPGRADING to +0 plate armour.
 20782 | D:3      | 20782 ||| UPGRADING to +0 plate armour.
 20793 | D:3      | 20793 ||| UPGRADING to +0 plate armour.
 20804 | D:3      | 20804 ||| UPGRADING to +0 plate armour.
 20815 | D:3      | 20815 ||| UPGRADING to +0 plate armour.
 20826 | D:3      | 20826 ||| UPGRADING to +0 plate armour.
 20828 | D:3      | Glimpsed the power of Zot.
 20837 | D:3      | 20837 ||| UPGRADING to +0 plate armour.
 20848 | D:3      | 20848 ||| UPGRADING to +0 plate armour.
 20860 | D:3      | 20860 ||| UPGRADING to +0 plate armour.
 20871 | D:3      | 20871 ||| UPGRADING to +0 plate armour.
 20882 | D:3      | 20882 ||| UPGRADING to +0 plate armour.
 20893 | D:3      | 20893 ||| UPGRADING to +0 plate armour.
 20904 | D:3      | 20904 ||| UPGRADING to +0 plate armour.
 20915 | D:3      | 20915 ||| UPGRADING to +0 plate armour.
 20926 | D:3      | 20926 ||| UPGRADING to +0 plate armour.
 20927 | D:3      | Touched by the power of Zot.
 20928 | D:3      | Glimpsed the power of Zot.
 20937 | D:3      | 20937 ||| UPGRADING to +0 plate armour.
 20948 | D:3      | 20948 ||| UPGRADING to +0 plate armour.
 20959 | D:3      | 20959 ||| UPGRADING to +0 plate armour.
 20970 | D:3      | 20970 ||| UPGRADING to +0 plate armour.
 20981 | D:3      | 20981 ||| UPGRADING to +0 plate armour.
 20992 | D:3      | 20992 ||| UPGRADING to +0 plate armour.
 21003 | D:3      | 21003 ||| UPGRADING to +0 plate armour.
 21014 | D:3      | 21014 ||| UPGRADING to +0 plate armour.
 21025 | D:3      | 21025 ||| UPGRADING to +0 plate armour.
 21036 | D:3      | 21036 ||| UPGRADING to +0 plate armour.
 21047 | D:3      | 21047 ||| UPGRADING to +0 plate armour.
 21058 | D:3      | 21058 ||| UPGRADING to +0 plate armour.
 21069 | D:3      | 21069 ||| UPGRADING to +0 plate armour.
 21080 | D:3      | 21080 ||| UPGRADING to +0 plate armour.
 21091 | D:3      | 21091 ||| UPGRADING to +0 plate armour.
 21102 | D:3      | 21102 ||| UPGRADING to +0 plate armour.
 21113 | D:3      | 21113 ||| UPGRADING to +0 plate armour.
 21124 | D:3      | 21124 ||| UPGRADING to +0 plate armour.
 21136 | D:3      | 21136 ||| UPGRADING to +0 plate armour.
 21147 | D:3      | 21147 ||| UPGRADING to +0 plate armour.
 21158 | D:3      | 21158 ||| UPGRADING to +0 plate armour.
 21169 | D:3      | 21169 ||| UPGRADING to +0 plate armour.
 21181 | D:3      | 21181 ||| UPGRADING to +0 plate armour.
 21192 | D:3      | 21192 ||| UPGRADING to +0 plate armour.
 21203 | D:3      | 21203 ||| UPGRADING to +0 plate armour.
 21215 | D:3      | 21215 ||| UPGRADING to +0 plate armour.
 21226 | D:3      | 21226 ||| UPGRADING to +0 plate armour.
 21237 | D:3      | 21237 ||| UPGRADING to +0 plate armour.
 21248 | D:3      | 21248 ||| UPGRADING to +0 plate armour.
 21259 | D:3      | 21259 ||| UPGRADING to +0 plate armour.
 21270 | D:3      | 21270 ||| UPGRADING to +0 plate armour.
 21281 | D:3      | 21281 ||| UPGRADING to +0 plate armour.
 21292 | D:3      | 21292 ||| UPGRADING to +0 plate armour.
 21303 | D:3      | 21303 ||| UPGRADING to +0 plate armour.
 21314 | D:3      | 21314 ||| UPGRADING to +0 plate armour.
 21325 | D:3      | 21325 ||| UPGRADING to +0 plate armour.
 21336 | D:3      | 21336 ||| UPGRADING to +0 plate armour.
 21348 | D:3      | 21348 ||| UPGRADING to +0 plate armour.
 21359 | D:3      | 21359 ||| UPGRADING to +0 plate armour.
 21370 | D:3      | 21370 ||| UPGRADING to +0 plate armour.
 21381 | D:3      | 21381 ||| UPGRADING to +0 plate armour.
 21392 | D:3      | 21392 ||| UPGRADING to +0 plate armour.
 21403 | D:3      | 21403 ||| UPGRADING to +0 plate armour.
 21414 | D:3      | 21414 ||| UPGRADING to +0 plate armour.
 21425 | D:3      | 21425 ||| UPGRADING to +0 plate armour.
 21428 | D:3      | Glimpsed the power of Zot.
 21436 | D:3      | 21436 ||| UPGRADING to +0 plate armour.
 21447 | D:3      | 21447 ||| UPGRADING to +0 plate armour.
 21458 | D:3      | 21458 ||| UPGRADING to +0 plate armour.
 21469 | D:3      | 21469 ||| UPGRADING to +0 plate armour.
 21480 | D:3      | 21480 ||| UPGRADING to +0 plate armour.
 21492 | D:3      | 21492 ||| UPGRADING to +0 plate armour.
 21503 | D:3      | 21503 ||| UPGRADING to +0 plate armour.
 21514 | D:3      | 21514 ||| UPGRADING to +0 plate armour.
 21525 | D:3      | 21525 ||| UPGRADING to +0 plate armour.
 21536 | D:3      | 21536 ||| UPGRADING to +0 plate armour.
 21547 | D:3      | 21547 ||| UPGRADING to +0 plate armour.
 21558 | D:3      | 21558 ||| UPGRADING to +0 plate armour.
 21569 | D:3      | 21569 ||| UPGRADING to +0 plate armour.
 21580 | D:3      | 21580 ||| UPGRADING to +0 plate armour.
 21591 | D:3      | 21591 ||| UPGRADING to +0 plate armour.
 21602 | D:3      | 21602 ||| UPGRADING to +0 plate armour.
 21613 | D:3      | 21613 ||| UPGRADING to +0 plate armour.
 21624 | D:3      | 21624 ||| UPGRADING to +0 plate armour.
 21635 | D:3      | 21635 ||| UPGRADING to +0 plate armour.
 21646 | D:3      | 21646 ||| UPGRADING to +0 plate armour.
 21657 | D:3      | 21657 ||| UPGRADING to +0 plate armour.
 21668 | D:3      | 21668 ||| UPGRADING to +0 plate armour.
 21679 | D:3      | 21679 ||| UPGRADING to +0 plate armour.
 21690 | D:3      | 21690 ||| UPGRADING to +0 plate armour.
 21701 | D:3      | 21701 ||| UPGRADING to +0 plate armour.
 21712 | D:3      | 21712 ||| UPGRADING to +0 plate armour.
 21723 | D:3      | 21723 ||| UPGRADING to +0 plate armour.
 21734 | D:3      | 21734 ||| UPGRADING to +0 plate armour.
 21745 | D:3      | 21745 ||| UPGRADING to +0 plate armour.
 21756 | D:3      | 21756 ||| UPGRADING to +0 plate armour.
 21767 | D:3      | 21767 ||| UPGRADING to +0 plate armour.
 21778 | D:3      | 21778 ||| UPGRADING to +0 plate armour.
 21789 | D:3      | 21789 ||| UPGRADING to +0 plate armour.
 21801 | D:3      | 21801 ||| UPGRADING to +0 plate armour.
 21812 | D:3      | 21812 ||| UPGRADING to +0 plate armour.
 21823 | D:3      | 21823 ||| UPGRADING to +0 plate armour.
 21828 | D:3      | Glimpsed the power of Zot.
 21834 | D:3      | 21834 ||| UPGRADING to +0 plate armour.
 21845 | D:3      | 21845 ||| UPGRADING to +0 plate armour.
 21856 | D:3      | 21856 ||| UPGRADING to +0 plate armour.
 21867 | D:3      | 21867 ||| UPGRADING to +0 plate armour.
 21878 | D:3      | 21878 ||| UPGRADING to +0 plate armour.
 21889 | D:3      | 21889 ||| UPGRADING to +0 plate armour.
 21900 | D:3      | 21900 ||| UPGRADING to +0 plate armour.
 21911 | D:3      | 21911 ||| UPGRADING to +0 plate armour.
 21922 | D:3      | 21922 ||| UPGRADING to +0 plate armour.
 21927 | D:3      | Touched by the power of Zot.
 21928 | D:3      | Glimpsed the power of Zot.
 21933 | D:3      | 21933 ||| UPGRADING to +0 plate armour.
 21944 | D:3      | 21944 ||| UPGRADING to +0 plate armour.
 21956 | D:3      | 21956 ||| UPGRADING to +0 plate armour.
 21967 | D:3      | 21967 ||| UPGRADING to +0 plate armour.
 21978 | D:3      | 21978 ||| UPGRADING to +0 plate armour.
 21989 | D:3      | 21989 ||| UPGRADING to +0 plate armour.
 22000 | D:3      | 22000 ||| UPGRADING to +0 plate armour.
 22011 | D:3      | 22011 ||| UPGRADING to +0 plate armour.
 22022 | D:3      | 22022 ||| UPGRADING to +0 plate armour.
 22033 | D:3      | 22033 ||| UPGRADING to +0 plate armour.
 22044 | D:3      | 22044 ||| UPGRADING to +0 plate armour.
 22055 | D:3      | 22055 ||| UPGRADING to +0 plate armour.
 22066 | D:3      | 22066 ||| UPGRADING to +0 plate armour.
 22077 | D:3      | 22077 ||| UPGRADING to +0 plate armour.
 22088 | D:3      | 22088 ||| UPGRADING to +0 plate armour.
 22099 | D:3      | 22099 ||| UPGRADING to +0 plate armour.
 22110 | D:3      | 22110 ||| UPGRADING to +0 plate armour.
 22121 | D:3      | 22121 ||| UPGRADING to +0 plate armour.
 22132 | D:3      | 22132 ||| UPGRADING to +0 plate armour.
 22143 | D:3      | 22143 ||| UPGRADING to +0 plate armour.
 22154 | D:3      | 22154 ||| UPGRADING to +0 plate armour.
 22165 | D:3      | 22165 ||| UPGRADING to +0 plate armour.
 22176 | D:3      | 22176 ||| UPGRADING to +0 plate armour.
 22187 | D:3      | 22187 ||| UPGRADING to +0 plate armour.
 22198 | D:3      | 22198 ||| UPGRADING to +0 plate armour.
 22209 | D:3      | 22209 ||| UPGRADING to +0 plate armour.
 22220 | D:3      | 22220 ||| UPGRADING to +0 plate armour.
 22231 | D:3      | 22231 ||| UPGRADING to +0 plate armour.
 22242 | D:3      | 22242 ||| UPGRADING to +0 plate armour.
 22253 | D:3      | 22253 ||| UPGRADING to +0 plate armour.
 22264 | D:3      | 22264 ||| UPGRADING to +0 plate armour.
 22275 | D:3      | 22275 ||| UPGRADING to +0 plate armour.
 22286 | D:3      | 22286 ||| UPGRADING to +0 plate armour.
 22297 | D:3      | 22297 ||| UPGRADING to +0 plate armour.
 22308 | D:3      | 22308 ||| UPGRADING to +0 plate armour.
 22319 | D:3      | 22319 ||| UPGRADING to +0 plate armour.
 22330 | D:3      | 22330 ||| UPGRADING to +0 plate armour.
 22341 | D:3      | 22341 ||| UPGRADING to +0 plate armour.
 22352 | D:3      | 22352 ||| UPGRADING to +0 plate armour.
 22363 | D:3      | 22363 ||| UPGRADING to +0 plate armour.
 22374 | D:3      | 22374 ||| UPGRADING to +0 plate armour.
 22385 | D:3      | 22385 ||| UPGRADING to +0 plate armour.
 22396 | D:3      | 22396 ||| UPGRADING to +0 plate armour.
 22407 | D:3      | 22407 ||| UPGRADING to +0 plate armour.
 22418 | D:3      | 22418 ||| UPGRADING to +0 plate armour.
 22428 | D:3      | Glimpsed the power of Zot.
 22429 | D:3      | 22429 ||| UPGRADING to +0 plate armour.
 22440 | D:3      | 22440 ||| UPGRADING to +0 plate armour.
 22451 | D:3      | 22451 ||| UPGRADING to +0 plate armour.
 22462 | D:3      | 22462 ||| UPGRADING to +0 plate armour.
 22473 | D:3      | 22473 ||| UPGRADING to +0 plate armour.
 22484 | D:3      | 22484 ||| UPGRADING to +0 plate armour.
 22495 | D:3      | 22495 ||| UPGRADING to +0 plate armour.
 22506 | D:3      | 22506 ||| UPGRADING to +0 plate armour.
 22517 | D:3      | 22517 ||| UPGRADING to +0 plate armour.
 22528 | D:3      | 22528 ||| UPGRADING to +0 plate armour.
 22539 | D:3      | 22539 ||| UPGRADING to +0 plate armour.
 22550 | D:3      | 22550 ||| UPGRADING to +0 plate armour.
 22561 | D:3      | 22561 ||| UPGRADING to +0 plate armour.
 22572 | D:3      | 22572 ||| UPGRADING to +0 plate armour.
 22584 | D:3      | 22584 ||| UPGRADING to +0 plate armour.
 22595 | D:3      | 22595 ||| UPGRADING to +0 plate armour.
 22606 | D:3      | 22606 ||| UPGRADING to +0 plate armour.
 22617 | D:3      | 22617 ||| UPGRADING to +0 plate armour.
 22628 | D:3      | 22628 ||| UPGRADING to +0 plate armour.
 22640 | D:3      | 22640 ||| UPGRADING to +0 plate armour.
 22651 | D:3      | 22651 ||| UPGRADING to +0 plate armour.
 22662 | D:3      | 22662 ||| UPGRADING to +0 plate armour.
 22673 | D:3      | 22673 ||| UPGRADING to +0 plate armour.
 22684 | D:3      | 22684 ||| UPGRADING to +0 plate armour.
 22695 | D:3      | 22695 ||| UPGRADING to +0 plate armour.
 22706 | D:3      | 22706 ||| UPGRADING to +0 plate armour.
 22717 | D:3      | 22717 ||| UPGRADING to +0 plate armour.
 22728 | D:3      | 22728 ||| UPGRADING to +0 plate armour.
 22739 | D:3      | 22739 ||| UPGRADING to +0 plate armour.
 22750 | D:3      | 22750 ||| UPGRADING to +0 plate armour.
 22761 | D:3      | 22761 ||| UPGRADING to +0 plate armour.
 22772 | D:3      | 22772 ||| UPGRADING to +0 plate armour.
 22783 | D:3      | 22783 ||| UPGRADING to +0 plate armour.
 22794 | D:3      | 22794 ||| UPGRADING to +0 plate armour.
 22805 | D:3      | 22805 ||| UPGRADING to +0 plate armour.
 22816 | D:3      | 22816 ||| UPGRADING to +0 plate armour.
 22827 | D:3      | 22827 ||| UPGRADING to +0 plate armour.
 22828 | D:3      | Glimpsed the power of Zot.
 22838 | D:3      | 22838 ||| UPGRADING to +0 plate armour.
 22849 | D:3      | 22849 ||| UPGRADING to +0 plate armour.
 22860 | D:3      | 22860 ||| UPGRADING to +0 plate armour.
 22871 | D:3      | 22871 ||| UPGRADING to +0 plate armour.
 22882 | D:3      | 22882 ||| UPGRADING to +0 plate armour.
 22893 | D:3      | 22893 ||| UPGRADING to +0 plate armour.
 22904 | D:3      | 22904 ||| UPGRADING to +0 plate armour.
 22915 | D:3      | 22915 ||| UPGRADING to +0 plate armour.
 22926 | D:3      | 22926 ||| UPGRADING to +0 plate armour.
 22927 | D:3      | Touched by the power of Zot.
 22928 | D:3      | Glimpsed the power of Zot.
 22937 | D:3      | 22937 ||| UPGRADING to +0 plate armour.
 22948 | D:3      | 22948 ||| UPGRADING to +0 plate armour.
 22959 | D:3      | 22959 ||| UPGRADING to +0 plate armour.
 22970 | D:3      | 22970 ||| UPGRADING to +0 plate armour.
 22981 | D:3      | 22981 ||| UPGRADING to +0 plate armour.
 22992 | D:3      | 22992 ||| UPGRADING to +0 plate armour.
 23003 | D:3      | 23003 ||| UPGRADING to +0 plate armour.
 23014 | D:3      | 23014 ||| UPGRADING to +0 plate armour.
 23025 | D:3      | 23025 ||| UPGRADING to +0 plate armour.
 23036 | D:3      | 23036 ||| UPGRADING to +0 plate armour.
 23047 | D:3      | 23047 ||| UPGRADING to +0 plate armour.
 23058 | D:3      | 23058 ||| UPGRADING to +0 plate armour.
 23069 | D:3      | 23069 ||| UPGRADING to +0 plate armour.
 23080 | D:3      | 23080 ||| UPGRADING to +0 plate armour.
 23091 | D:3      | 23091 ||| UPGRADING to +0 plate armour.
 23102 | D:3      | 23102 ||| UPGRADING to +0 plate armour.
 23113 | D:3      | 23113 ||| UPGRADING to +0 plate armour.
 23124 | D:3      | 23124 ||| UPGRADING to +0 plate armour.
 23135 | D:3      | 23135 ||| UPGRADING to +0 plate armour.
 23146 | D:3      | 23146 ||| UPGRADING to +0 plate armour.
 23157 | D:3      | 23157 ||| UPGRADING to +0 plate armour.
 23168 | D:3      | 23168 ||| UPGRADING to +0 plate armour.
 23179 | D:3      | 23179 ||| UPGRADING to +0 plate armour.
 23190 | D:3      | 23190 ||| UPGRADING to +0 plate armour.
 23201 | D:3      | 23201 ||| UPGRADING to +0 plate armour.
 23212 | D:3      | 23212 ||| UPGRADING to +0 plate armour.
 23223 | D:3      | 23223 ||| UPGRADING to +0 plate armour.
 23234 | D:3      | 23234 ||| UPGRADING to +0 plate armour.
 23245 | D:3      | 23245 ||| UPGRADING to +0 plate armour.
 23256 | D:3      | 23256 ||| UPGRADING to +0 plate armour.
 23269 | D:3      | 23269 ||| UPGRADING to +0 plate armour.
 23280 | D:3      | 23280 ||| UPGRADING to +0 plate armour.
 23291 | D:3      | 23291 ||| UPGRADING to +0 plate armour.
 23302 | D:3      | 23302 ||| UPGRADING to +0 plate armour.
 23313 | D:3      | 23313 ||| UPGRADING to +0 plate armour.
 23324 | D:3      | 23324 ||| UPGRADING to +0 plate armour.
 23335 | D:3      | 23335 ||| UPGRADING to +0 plate armour.
 23346 | D:3      | 23346 ||| UPGRADING to +0 plate armour.
 23357 | D:3      | 23357 ||| UPGRADING to +0 plate armour.
 23368 | D:3      | 23368 ||| UPGRADING to +0 plate armour.
 23379 | D:3      | 23379 ||| UPGRADING to +0 plate armour.
 23390 | D:3      | 23390 ||| UPGRADING to +0 plate armour.
 23401 | D:3      | 23401 ||| UPGRADING to +0 plate armour.
 23412 | D:3      | 23412 ||| UPGRADING to +0 plate armour.
 23423 | D:3      | 23423 ||| UPGRADING to +0 plate armour.
 23428 | D:3      | Glimpsed the power of Zot.
 23434 | D:3      | 23434 ||| UPGRADING to +0 plate armour.
 23445 | D:3      | 23445 ||| UPGRADING to +0 plate armour.
 23456 | D:3      | 23456 ||| UPGRADING to +0 plate armour.
 23467 | D:3      | 23467 ||| UPGRADING to +0 plate armour.
 23478 | D:3      | 23478 ||| UPGRADING to +0 plate armour.
 23489 | D:3      | 23489 ||| UPGRADING to +0 plate armour.
 23500 | D:3      | 23500 ||| UPGRADING to +0 plate armour.
 23511 | D:3      | 23511 ||| UPGRADING to +0 plate armour.
 23522 | D:3      | 23522 ||| UPGRADING to +0 plate armour.
 23533 | D:3      | 23533 ||| UPGRADING to +0 plate armour.
 23544 | D:3      | 23544 ||| UPGRADING to +0 plate armour.
 23555 | D:3      | 23555 ||| UPGRADING to +0 plate armour.
 23566 | D:3      | 23566 ||| UPGRADING to +0 plate armour.
 23577 | D:3      | 23577 ||| UPGRADING to +0 plate armour.
 23588 | D:3      | 23588 ||| UPGRADING to +0 plate armour.
 23599 | D:3      | 23599 ||| UPGRADING to +0 plate armour.
 23610 | D:3      | 23610 ||| UPGRADING to +0 plate armour.
 23621 | D:3      | 23621 ||| UPGRADING to +0 plate armour.
 23632 | D:3      | 23632 ||| UPGRADING to +0 plate armour.
 23643 | D:3      | 23643 ||| UPGRADING to +0 plate armour.
 23654 | D:3      | 23654 ||| UPGRADING to +0 plate armour.
 23665 | D:3      | 23665 ||| UPGRADING to +0 plate armour.
 23676 | D:3      | 23676 ||| UPGRADING to +0 plate armour.
 23687 | D:3      | 23687 ||| UPGRADING to +0 plate armour.
 23698 | D:3      | 23698 ||| UPGRADING to +0 plate armour.
 23709 | D:3      | 23709 ||| UPGRADING to +0 plate armour.
 23720 | D:3      | 23720 ||| UPGRADING to +0 plate armour.
 23731 | D:3      | 23731 ||| UPGRADING to +0 plate armour.
 23742 | D:3      | 23742 ||| UPGRADING to +0 plate armour.
 23753 | D:3      | 23753 ||| UPGRADING to +0 plate armour.
 23764 | D:3      | 23764 ||| UPGRADING to +0 plate armour.
 23775 | D:3      | 23775 ||| UPGRADING to +0 plate armour.
 23786 | D:3      | 23786 ||| UPGRADING to +0 plate armour.
 23797 | D:3      | 23797 ||| UPGRADING to +0 plate armour.
 23808 | D:3      | 23808 ||| UPGRADING to +0 plate armour.
 23819 | D:3      | 23819 ||| UPGRADING to +0 plate armour.
 23828 | D:3      | Glimpsed the power of Zot.
 23830 | D:3      | 23830 ||| UPGRADING to +0 plate armour.
 23842 | D:3      | 23842 ||| UPGRADING to +0 plate armour.
 23853 | D:3      | 23853 ||| UPGRADING to +0 plate armour.
 23864 | D:3      | 23864 ||| UPGRADING to +0 plate armour.
 23875 | D:3      | 23875 ||| UPGRADING to +0 plate armour.
 23886 | D:3      | 23886 ||| UPGRADING to +0 plate armour.
 23897 | D:3      | 23897 ||| UPGRADING to +0 plate armour.
 23908 | D:3      | 23908 ||| UPGRADING to +0 plate armour.
 23919 | D:3      | 23919 ||| UPGRADING to +0 plate armour.
 23927 | D:3      | Touched by the power of Zot.
 23928 | D:3      | Glimpsed the power of Zot.
 23930 | D:3      | 23930 ||| UPGRADING to +0 plate armour.
 23941 | D:3      | 23941 ||| UPGRADING to +0 plate armour.
 23952 | D:3      | 23952 ||| UPGRADING to +0 plate armour.
 23963 | D:3      | 23963 ||| UPGRADING to +0 plate armour.
 23974 | D:3      | 23974 ||| UPGRADING to +0 plate armour.
 23985 | D:3      | 23985 ||| UPGRADING to +0 plate armour.
 23996 | D:3      | 23996 ||| UPGRADING to +0 plate armour.
 24007 | D:3      | 24007 ||| UPGRADING to +0 plate armour.
 24018 | D:3      | 24018 ||| UPGRADING to +0 plate armour.
 24029 | D:3      | 24029 ||| UPGRADING to +0 plate armour.
 24040 | D:3      | 24040 ||| UPGRADING to +0 plate armour.
 24051 | D:3      | 24051 ||| UPGRADING to +0 plate armour.
 24062 | D:3      | 24062 ||| UPGRADING to +0 plate armour.
 24073 | D:3      | 24073 ||| UPGRADING to +0 plate armour.
 24084 | D:3      | 24084 ||| UPGRADING to +0 plate armour.
 24095 | D:3      | 24095 ||| UPGRADING to +0 plate armour.
 24106 | D:3      | 24106 ||| UPGRADING to +0 plate armour.
 24117 | D:3      | 24117 ||| UPGRADING to +0 plate armour.
 24128 | D:3      | 24128 ||| UPGRADING to +0 plate armour.
 24139 | D:3      | 24139 ||| UPGRADING to +0 plate armour.
 24150 | D:3      | 24150 ||| UPGRADING to +0 plate armour.
 24161 | D:3      | 24161 ||| UPGRADING to +0 plate armour.
 24172 | D:3      | 24172 ||| UPGRADING to +0 plate armour.
 24183 | D:3      | 24183 ||| UPGRADING to +0 plate armour.
 24194 | D:3      | 24194 ||| UPGRADING to +0 plate armour.
 24205 | D:3      | 24205 ||| UPGRADING to +0 plate armour.
 24217 | D:3      | 24217 ||| UPGRADING to +0 plate armour.
 24228 | D:3      | 24228 ||| UPGRADING to +0 plate armour.
 24239 | D:3      | 24239 ||| UPGRADING to +0 plate armour.
 24250 | D:3      | 24250 ||| UPGRADING to +0 plate armour.
 24261 | D:3      | 24261 ||| UPGRADING to +0 plate armour.
 24272 | D:3      | 24272 ||| UPGRADING to +0 plate armour.
 24283 | D:3      | 24283 ||| UPGRADING to +0 plate armour.
 24294 | D:3      | 24294 ||| UPGRADING to +0 plate armour.
 24305 | D:3      | 24305 ||| UPGRADING to +0 plate armour.
 24316 | D:3      | 24316 ||| UPGRADING to +0 plate armour.
 24327 | D:3      | 24327 ||| UPGRADING to +0 plate armour.
 24338 | D:3      | 24338 ||| UPGRADING to +0 plate armour.
 24349 | D:3      | 24349 ||| UPGRADING to +0 plate armour.
 24360 | D:3      | 24360 ||| UPGRADING to +0 plate armour.
 24371 | D:3      | 24371 ||| UPGRADING to +0 plate armour.
 24382 | D:3      | 24382 ||| UPGRADING to +0 plate armour.
 24393 | D:3      | 24393 ||| UPGRADING to +0 plate armour.
 24404 | D:3      | 24404 ||| UPGRADING to +0 plate armour.
 24415 | D:3      | 24415 ||| UPGRADING to +0 plate armour.
 24426 | D:3      | 24426 ||| UPGRADING to +0 plate armour.
 24428 | D:3      | Glimpsed the power of Zot.
 24437 | D:3      | 24437 ||| UPGRADING to +0 plate armour.
 24449 | D:3      | 24449 ||| UPGRADING to +0 plate armour.
 24460 | D:3      | 24460 ||| UPGRADING to +0 plate armour.
 24471 | D:3      | 24471 ||| UPGRADING to +0 plate armour.
 24482 | D:3      | 24482 ||| UPGRADING to +0 plate armour.
 24493 | D:3      | 24493 ||| UPGRADING to +0 plate armour.
 24504 | D:3      | 24504 ||| UPGRADING to +0 plate armour.
 24515 | D:3      | 24515 ||| UPGRADING to +0 plate armour.
 24526 | D:3      | 24526 ||| UPGRADING to +0 plate armour.
 24537 | D:3      | 24537 ||| UPGRADING to +0 plate armour.
 24548 | D:3      | 24548 ||| UPGRADING to +0 plate armour.
 24551 | D:3      | Slain by a kobold

Levels and vault maps discovered:
D:1:      erik_arrival_cave_to_civilisation [erik_arrival_cave_to_hall],
          layout_basic, ebering_ecumenical_altar_mist
D:2:      layout_basic, minmay_crystal_water
D:3:      layout_basic, trog_hazing_becter, corexii_leaking_fountain

Skill      XL: |  1  2  3  4 |
---------------+-------------+-----
Axes           | 2 3 4 |  4.9
Fighting       | |  3.2
Armour         | |  3.2
Shields        | |  3.2

Action                     |  1- 3 |  4- 6 || total
---------------------------+-------+-------++-------
  Melee: War axe           |   121 |    57 ||   178
  Throw: Boomerang         |       |    22 ||    22
    Use: Scroll            |     5 |       ||     5
 Armour: Scale mail        |    63 | 30860 || 30923
  Dodge: Dodged            |    52 | 10058 || 10110
  Block: Buckler           |    23 |    11 ||    34

Table legend:
 A = Non-vault XP
 B = Vault XP
 C = Vault XP percentage of total XP
 D = Non-vault monster count
 E = Vault monster count
 F = Vault count percentage of total count
                 A         B        C        D         E       F
            +---------+---------+-------+---------+---------+-------
      Total |     213 |       6 |   2.7 |      52 |       4 |   7.1
            +---------+---------+-------+---------+---------+-------
        D:1 |      18 |       3 |  14.3 |       9 |       2 |  18.2
        D:2 |      60 |       0 |   0.0 |      23 |       0 |   0.0
        D:3 |     135 |       3 |   2.2 |      20 |       2 |   9.1
            +---------+---------+-------+---------+---------+-------
